Workbook
Name CDP: [1]!Tabla3[CDP]
Name CDPPROYECTO: [1]!Tabla3[PROYECTO]
Name CODIGO: [1]!Tabla2[CÓDIGO DE PROYECTO BPIN]
Name estado: [1]!Tabla7[Estado]
Name Frecuencia: [1]!Tabla6[Frecuencia]
Name PROYECTO: [1]!Tabla2[PROYECTO DE INVERSIÓN]
Name PROYECTOS: [1]!Tabla2[PROYECTO DE INVERSIÓN]
Name RP: [1]!Tabla5[RP]

Sheet INSTRUCTIVO
A1: INSTRUCTIVO PARA EL DILIGENCIAMIENTO DEL PLAN DE ACCIÓN INSTITUCIONAL VIGENCIA 2024
A2: PLANTEAMIENTO ESTRATÉGICO PLAN DE ACCIÓN INSTITUCIONAL (Hoja 1)
A3: OBJETIVO DE DESARROLLO SOSTENIBLE | B3: Ingrese en esta casilla el ODS con el que se articula el programa de su competencia según el Acuerdo 139 que adopta el Plan de Desarrollo Distrital 2024-2027 'Cartagena, Ciudad de Derechos'.
A4: OBJETIVO ESTRATÉGICO | B4: Ingrese en esta casilla el objetivo estratégico definido en la plataforma estratégica, relacionado con su proceso y con la línea estratégica en la cual el Acuerdo 139 del 2024 le asignó su responsabilidad.
A5: LINEA ESTRATÉGICA | B5: Ingrese en esta casilla la línea estratégica correspondiente al programa de su competencia según el Acuerdo 139 que adopta el Plan de Desarrollo Distrital 2024-2027 'Cartagena, Ciudad de Derechos'.
A6: IMPULSOR DE AVANCE | B6: Ingrese en esta casilla el impulsor de avance que facilita el logro del objetivo del programa de su competencia según el Acuerdo 139 que adopta el Plan de Desarrollo Distrital 2024-2027 'Cartagena, Ciudad de Derechos'.
A7: META DE RESULTADO | B7: Ingrese en esta casilla la meta de resultado esperada del programa de su competencia según el Acuerdo 139 que adopta el Plan de Desarrollo Distrital 2024-2027 'Cartagena, Ciudad de Derechos'.
A8: PROGRAMA | B8: Ingrese en esta casilla el nombre de los programas de su competencia según el Acuerdo 139 que adopta el Plan de Desarrollo Distrital 2024-2027 'Cartagena, Ciudad de Derechos' (revise e incorpore los programas del Capítulo de los Pueblos y Comunidades Étnicas donde tienen compromisos, así como sus metas compartidas con otras dependencias).
A9: CÓDIGO DE PROGRAMA | B9: Ingrese en esta casilla el código del programa establecido en el Plan Operativo Anual de Inversiones.
A10: INDICADOR DE PRODUCTO SEGÚN PDD | B10: Ingrese en este casilla el indicador definido para cumplir la meta de producto en el Plan de Desarrollo según el Acuerdo 139 que adopta el Plan de Desarrollo Distrital 2024-2027 'Cartagena, Ciudad de Derechos'
A11: UNIDAD DE MEDIDA DEL INDICADOR DE PRODUCTO | B11: Ingrese en esta casilla la expresion fisica con la que se mostrará el resultado de la meta propuesta. (Ejemplo: número, porcentaje, kilometro).
A12: LINEA BASE SEGUN PDD | B12: Ingrese en esta casilla el valor que se encuentra en el Acuerdo 139 que adopta el Plan de Desarrollo Distrital 2024-2027 'Cartagena, Ciudad de Derechos', como el punto de partida para definir el alcance de la meta producto.
A13: DESCRIPCION DE LA META PRODUCTO 2024-2027 | B13: Ingrese en esta casilla lo que persigue el indicador en el cuatrenio, se encuentra plasmado en el Acuerdo 139 que adopta el Plan de Desarrollo Distrital 2024-2027 'Cartagena, Ciudad de Derechos'
A14: PONDERACION DE LA META PRODUCTO | B14: Ingrese en esta casilla el valor porcentual asignado a la meta producto
... A18: PROGRAMACIÓN META PRODUCTO A 2024 | B18: Ingrese en esta casilla, la cantidad de la meta propuesta para la actual vigencia, relacionada con el Plan Indicativo.
A20: GESTIÓN ADMINISTRATIVA MIPG (Hoja 2)
A21: El objetivo principal del Modelo Integrado de Planeación y Gestión - MIPG es dinamizar la gestión de las organizaciones públicas para generar bienes y servicios que resuelvan efectivamente las necesidades de la ciudadanía en el marco de la integralidad y la legalidad y la promoción de acciones que contribuyan a la lucha contra la corrupcion. Por lo que el principal beneficio del actual Modelo Integrado de Planeación y Gestión - MIPG es su contribución al fortalecimiento de las capacidades de las organizaciones, ya que se focaliza en las prácticas y procesos clave que ellas adelantan para convertir insumos en resultados, apuntando a transformar el Estado Colombiano, de un Estado legislativo a un Estado prestador de servicios. En relacion a lo anterior pretendemos que se identifique desde su dependencia como se relaciona el trabajo que se efectua para lograr lo propuesto.
A22: META DE RESULTADO | B22: Ingrese en esta casilla la meta de resultado esperada del programa de su competencia según el Acuerdo 139 que adopta el Plan de Desarrollo Distrital 2024-2027 'Cartagena, Ciudad de Derechos'.
A23: DIMENSIONES DE MIPG | B23: Ingrese en esta casilla la dimensión identificada: Definir desde la competencia de la dependencia y sus procesos con que dimensión se identifican de las 7 que componen el modelo. Como son: 1. Talento Humano 2. Direccionamiento Estrategico 3. Gestion con Valores por Resultados 4. Evaluacion de Resultados 5. Informacion y Comunicación 6. Gestion del Conocimiento 7. Control Interno
A24: POLÍTICAS DE GESTIÓN Y DESEMPEÑO INSTITUCIONAL | B24: Relacione en esta casilla la política de gestión y desempeño institucional alineada a su proceso (Éstas se ubican en una de las siete dimensiones de MIPG y las 19 políticas)
A25: PROCESO ASOCIADO A PROGRAMA Y PRODUCTO | B25: Relacione en esta casilla el proceso de gestión asociado al programa y al producto (Identifique el proceso de su competencia en el mapa de interrelacion de procesos alineado con su dependencia).
A26: SUBPROCESO ASOCIADO | B26: Relacione en esta casilla el subproceso de su competencia (Identifique esto en el mapa de interrelación de procesos).
A27: OBJETIVO DEL SUBPROCESO | B27: Descripcion del objetivo del subproceso al cual pertenece
A28: NOMBRE DEL INDICADOR | B28: Ingrese en esta casilla el nombre del indicador asociado a los objetivos estratégicos de la entidad, de acuerdo al proceso o subproceso de su competencia.
A29: PROPÓSITO | B29: Describa en esta casilla la meta que espera lograr a partir del indicador mencionado en la casilla anterior.
A30: FRECUENCIA | B30: Describa en esta casilla la frecuencia con la que se hará el reporte.
A31: TIPO DE INDICADOR | B31: Describa en esta casilla el tipo de indicador relacionado, según su naturaleza (eficiencia, eficaz, efectividad, etc).
A32: GRUPOS DE VALOR | B32: Defina en esta casilla con una X a qué grupo de valor pertenece, ya sea entidades, ciudadanía, servidores-interno.
A33: PLANES DECRETO 612 DE 2018 | B33: Indique a cuál Plan Institucional, de los establecidos en el Decreto 612 del 2018, le aporta este producto.
A34: POLÍTICA DE ADMINISTRACION DE RIESGOS
A35: “Establece los lineamientos y parámetros en la Alcaldía Mayor de Cartagena de Indias para la identificación, análisis, evaluación, tratamiento, monitoreo, revisión, valoración, comunicación, consulta y seguimiento de los riesgos a los que se expone y pueden afectar el cumplimiento de los objetivos institucionales en el marco de los procesos, planes y proyectos de la entidad debido a eventos potenciales y que pueden llevar a la posibilidad de incurrir en pérdidas o afectaciones a nivel económico o reputaciones por deficiencias, fallas o inadecuaciones, en el recurso humano, procesos, tecnología, infraestructura o por la ocurrencia de acontecimientos externos.”
A36: RIESGOS ASOCIADOS AL PROCESO | B36: Ingrese en esta casilla cada uno de los riesgos identificados en el proceso definido, y desarrollado en la caracterización de la gestión por proceso
A37: CONTROLES ESTABLECIDOS PARA LOS RIESGOS | B37: Ingrese en esta casilla cada uno de los controles formulados para cada riesgo identificado en el proceso definido
A39: PLAN DE ACCION - INVERSIÓN (Hoja 3)
A40: PROYECTO DE INVERSIÓN | B40: Ingrese en esta casilla el nombre del proyecto a partir del cual se desarrollará el programa con el que se articula.
A41: CÓDIGO DE PROYECTO BPIN | B41: Ingrese en esta casilla el número BPIN del proyecto a partir del cual se desarrollará el programa con el que se articula.
A42: OBJETIVO GENERAL DEL PROYECTO | B42: Ingrese en esta casilla el fin general del proyecto a partir del cual se desarrollará el programa con el que se articula.
A43: OBJETIVO ESPECÍFICO DEL PROYECTO | B43: Ingrese en esta casilla el objetivo específico asociado al objetivo general diligenciado en la casilla anterior.
A44: PRODUCTO DEL PROYECTO | B44: Ingrese en esta casilla el producto que materializa el objetivo específico relacionado en la casilla anterior.
A45: PONDERACIÓN DE PRODUCTO | B45: Ingrese en esta casilla la ponderacion asignada al producto en cuestión.
A46: ACTIVIDADES DE PROYECTO DE INVERSIÓN ( HITOS ) | B46: Ingrese en esta casilla el listado de actividades del proyecto a partir de las cuales se desarrollará el programa con el que se articula (Incluir actividades misionales que se desarrollan conforme al propósito de la entidad y su proceso). Es importante que este listado de actividades coincida totalmente con las viabilizadas en el SUIFP.
A47: TRAZADOR PRESUPUESTAL | B47: Ingrese en esta casilla el trazador presupuestal asociado a la actividad de proyecto.
A48: ENTREGABLE | B48: Ingrese en esta casilla el producto resultante de cada actividad de proyecto a realizar.
A49: PROGRAMACIÓN NUMÉRICA DE LA ACTIVIDAD PROYECTO 2024 | B49: Ingrese en esta casilla el número o pocentaje que se pretende alcanzar con cada actividad del proyecto durante la vigencia.
A50: FECHA DE INICIO DE LA ACTIVIDAD O ENTREGABLE | B50: Indique en esta casilla la fecha de inicio de la actividad en la vigencia 2024
A51: FECHA DE TERMINACIÓN DEL ENTREGABLE | B51: Indique en esta casilla la fecha de terminación de la actividad en la vigencia 2024
... A57: ACCIONES DE CONTROL DE LOS RIESGOS DE LOS PROYECTOS | B57: Ingrese en esta casilla las acciones para controlar los riesgos identificados al proyecto
A59: PLAN ANUAL DE ADQUISICIONES (Hoja 3)
A60: ¿REQUIERE CONTRATACIÓN? | B60: En esta casilla ingrese si es necesaria la contratación
A61: DESCRIPCION DE LA ADQUISICION ASOCIADA AL PROYECTO | B61: Relacione la descripcion que se encuentra en el Plan Anual de Adquisiciones asociada al proyecto de inversión
A62: CUANTÍA ASIGNADA A LA CONTRATACIÓN | B62: Ingrese en esta casilla el valor de la contratación relacionada
A63: MODALIDAD DE SELECCIÓN | B63: Indique la modalidad de contratación selecionada (Licitación Pública, concurso de méritos, selección abreviada, mínima cuantía, contratación directa)
A64: FUENTE DE RECURSOS | B64: Indique la fuente de recursos asignada por el acuerdo de presupuesto
A65: FECHA DE INICIO DE CONTRATACIÓN | B65: Indique la fecha tentativa de inicio del proceso de contratación
A67: PROGRAMACIÓN PRESUPUESTAL (Hoja 3)
A68: APROPIACIÓN INICIAL (en pesos) | B68: Ingrese el valor numérico en pesos del Plan Operativo Anual de Inversión asignado al rubro presupuestal
A69: APROPACION DEFINITIVA POR PROYECTO | B69: Ingrese el valor numérico en pesos del Plan Operativo Anual de Inversion asignado al rubro presupuestal luego de adiciones y deducciones
A70: FUENTE DE FINANCIACIÓN | B70: Ingrese el nombre de la fuente de recursos con lo que financiará la actividad
A71: RUBRO PRESUPUESTAL | B71: Indique el rubro del presupuesto que abarca el sector de su competencia.
A72: CODIGO RUBRO PRESUPUESTAL | B72: Ingrese el código numérico que identifica el concepto del gasto (Funcionamiento, Deuda, Inversión) y el cual es definido en el Decreto de Liquidación.

Sheet 1. ESTRATÉGICO
C1: ALCALDIA DISTRITAL DE CARTAGENA DE INDIAS | AG1: Código: PTDGI01-F001
C2: MACROPROCESO: PLANEACIÓN TERRITORIAL Y DIRECCIONAMIENTO ESTRATEGICO | AG2: Versión: 1.0
C3: PROCESO / SUBPROCESO: GESTIÓN DE LA INVERSIÓN PUBLICA / GESTIÓN DEL PLAN DE DESARROLLO Y SUS INSTRUMENTOS DE EJECUCIÓN | AG3: Fecha: 16/07/2024
C4: FORMATO PLAN DE ACCIÓN INSTITUCIONAL | AG4: Página: 1 de 3
A5: DEPENDENCIA:
A6: PLANTEAMIENTO ESTRATÉGICO- PLAN DE DESARROLLO
A8: DATOS GENERALES | P8: PROGRAMACIÓN META PRODUCTO | T8: ACUMULADOS | Y8: REPORTES META PRODUCTO | AC8: AVANCES Y RESULTADOS
A9: OBJETIVO DE DESARROLLO SOSTENIBLE | B9: OBJETIVO ESTRATÉGICO | C9: LÍNEA ESTRATÉGICA | D9: IMPULSOR DE AVANCE | E9: META RESULTADO | F9: PROGRAMA | G9: CÓDIGO DE PROGRAMA | H9: INDICADOR DE PRODUCTO SEGÚN PDD | I9: UNIDAD DE MEDIDA DEL INDICADOR DE PRODUCTO | J9: LÍNEA BASE SEGUN PDD | K9: DESCRIPCIÓN DE LA META PRODUCTO 2024-2027 | L9: PONDERACIÓN DE LA META PRODUCTO | M9: DENOMINACIÓN DEL PRODUCTO | N9: ENTREGABLE INDICADOR DE PRODUCTO SEGÚN CATALOGO DE PRODUCTO | O9: VALOR DE LA META PRODUCTO 2024-2027 | P9: PROGRAMACIÓN META PRODUCTO 2024 | Q9: PROGRAMACIÓN META PRODUCTO 2025 | R9: PROGRAMACIÓN META PRODUCTO 2026 | S9: PROGRAMACIÓN META PRODUCTO 2027 | T9: ACUMULADO 2024 | U9: ACUMULADO 2025 | V9: ACUMULADO 2026 | W9: ACUMULADO 2027 | X9: ACUMULADO CUATRIENIO | Y9: REPORTE META PRODUCTO DE MARZO 2026 | Z9: REPORTE META PRODUCTO DE JUNIO 2026 | AA9: REPORTE META PRODUCTO DE JULIO A 30 DE SEPTIEMBRE DE 2026 | AB9: REPORTE META PRODUCTO DE SEPTIEMBRE A 31 DE DICIEMBRE 2026 | AC9: AVANCE META PRODUCTO AL AÑO CON PONDERACION | AD9: AVANCE META PRODUCTO AL CUATRIENIO | AE9: AVANCE META PRODUCTO AL AÑO PROMEDIO SIMPLE | AF9: AVANCE META PRODUCTO AL CUATRIENIO
A10: 9. Industria, innovación e infraestructura 11. Ciudades y comunidades sostenibles | B10: Dignificar la vida de los habitantes del Distrito de Cartagena de Indias, reducir la pobreza multidimensional, el déficit habitacional, y ampliar la cobertura del saneamiento básico, a través de la implementación de estrategias integrales focalizadas en el fortalecimiento de la infraestructura educativa, en el fomento de las condiciones habitacionales adecuada y en el acceso de calidad de los servicios públicos, garantizando una vida digna para toda la población, durante el período de gobierno 2024-2027. | C10: Vida Digna | D10: Artes, Cultura y Patrimonio | E10: Incrementar a 35% el porcentaje de usuarios participantes en procesos de promoción de lectura en las bibliotecas del Distrito | F10: ESCENARIOS CULTURALES VIVOS PARA TRANSFORMAR | G10: 02-03-01 | H10: Número de bibliotecas dotadas y en funcionamiento | I10: Número | J10: 18 bibliotecas existentes en la red distrital | K10: Dotar de mobiliario y equipo y mantener en funcionamiento dieciocho (18) bibliotecas | L10: 0.05 | M10: Servicio | N10: Bibliotecas adecuadas | O10: 18 | Q10: 18 | R10: 18 | S10: 18 | T10: 2 | U10: 28 | V10: =Y10+Z10+AA10+AB10 -> 17 | X10: =+T10+U10+V10+W10 -> 47 | Y10: 17 | Z10: 0 | AC10: =+(V10/R10)*L10 -> 0.047222222 | AD10: =+(X10/O10)*L10 -> 0.13055556 | AE10: =+V10/R10 -> 0.94444444 | AF10: =+(T10/18)+((U10/(18*4))) -> 0.5
C11: Vida Digna | D11: Artes, Cultura y Patrimonio | E11: Incrementar a 35% el porcentaje de usuarios participantes en procesos de promoción de lectura en las bibliotecas del Distrito | F11: ESCENARIOS CULTURALES VIVOS PARA TRANSFORMAR | G11: 02-03-01 | H11: Número de infraestructuras culturales mejoradas, adecuadas y/o dotadas | I11: Número | J11: 21 obras de infraestructura cultural construidas, mejoradas, adecuadas y/o dotadas a corte 2023 | K11: Mejorar, adecuar y/o dotar treinta y cuatro (34) infraestructuras culturales accesibles, inclusivas y diversas | L11: 0.15 | M11: Servicio | N11: Infraestructuras culturales dotadas | O11: 34 | Q11: 34 | R11: 19 | S11: 19 | T11: 34 | U11: 30 | V11: =Y11+Z11+AA11+AB11 -> 5 | X11: =+T11+U11+V11+W11 -> 69 | Y11: 1 | Z11: 4 | AC11: =+(V11/R11)*L11 -> 0.039473684 | AD11: =+(X11/O11)*L11 -> 0.30441176 | AE11: =+V11/R11 -> 0.26315789 | AF11: =+(T11)/(O11*4)+ ((U11)/(34*4)) -> 0.47058824 | AI11: Bien
C12: Vida Digna | D12: Artes, Cultura y Patrimonio | E12: Incrementar a 35% el porcentaje de usuarios participantes en procesos de promoción de lectura en las bibliotecas del Distrito | F12: ESCENARIOS CULTURALES VIVOS PARA TRANSFORMAR | G12: 02-03-01 | H12: Número de personas con acceso efectivo a procesos de lenguaje, lectura, escritura y oralidad | I12: Número | J12: 266.138 personas con acceso efectivo a procesos de lenguaje, lectura, escritura y oralidad a corte 2023 | K12: Vincular a trescientas seis mil cincuenta y nueve (306.059) personas de manera efectiva a los procesos de lenguaje, lectura, escritura y oralidad | L12: 0.2 | M12: Servicio | N12: Personas beneficiadas | O12: 306059 | Q12: 88693 | R12: 65498.5 | S12: 65498.5 | T12: 47985 | U12: 127077 | V12: =Y12+Z12+AA12+AB12 -> 94680 | X12: =+T12+U12+V12+W12 -> 269742 | Y12: 35351 | Z12: 59329 | AC12: =+(V12/R12)*L12 -> 0.28910586 | AD12: =+(X12/O12)*L12 -> 0.17626797 | AE12: =+V12/R12 -> 1.4455293 | AF12: =+X12/O12 -> 0.88133987 | AI12: Servicio
C13: Vida Digna | D13: Artes, Cultura y Patrimonio | E13: Incrementar a 35% el porcentaje de usuarios participantes en procesos de promoción de lectura en las bibliotecas del Distrito | F13: ESCENARIOS CULTURALES VIVOS PARA TRANSFORMAR | G13: 02-03-01 | H13: Número de actividades de extensión bibliotecaria implementadas | I13: Número | J13: 912 actividades de extensión bibliotecaria a corte 2023 | K13: Implementar mil ochocientas (1.800) actividades de extensión bibliotecaria | L13: 0.15 | M13: Servicio | N13: Usuarios atendidos | O13: 1800 | Q13: 1800 | R13: 840 | S13: 840 | T13: 15168 | U13: 1533 | V13: =Y13+Z13+AA13+AB13 -> 257 | X13: =+T13+U13+V13+W13 -> 16958 | Y13: 85 | Z13: 172 | AC13: =+(V13/R13)*L13 -> 0.045892857 | AD13: 0.15 | AE13: =+V13/R13 -> 0.30595238 | AF13: 0.135
C14: Vida Digna | D14: Artes, Cultura y Patrimonio | E14: Incrementar a 35% el porcentaje de usuarios participantes en procesos de promoción de lectura en las bibliotecas del Distrito | F14: ESCENARIOS CULTURALES VIVOS PARA TRANSFORMAR | G14: 02-03-01 | H14: Plan de Fortalecimiento para la Consolidación de la Red de Bibliotecas Distritales formulado | I14: Número | J14: 1 red de bibliotecas públicas y comunitarias en el Distrito | K14: Formular e implementar un (1) Plan de Fortalecimiento para la Consolidación de la Red de Bibliotecas Distritales | L14: 0.1 | M14: Bien | N14: Documentos de planeación realizados | O14: 1 | Q14: 0.3 | R14: 0.25 | S14: 0.25 | T14: 0.2 | U14: 1 | V14: =Y14+Z14+AA14+AB14 -> 0.2279375 | X14: =+T14+U14+V14+W14 -> 1.4279375 | Y14: 0.13 | Z14: 0.0979375 | AC14: =+(V14/R14)*L14 -> 0.091175 | AD14: =+(X14/O14)*L14 -> 0.14279375 | AE14: =+V14/R14 -> 0.91175 | AF14: 1
C15: Vida Digna | D15: Artes, Cultura y Patrimonio | E15: Incrementar a 35% el porcentaje de usuarios participantes en procesos de promoción de lectura en las bibliotecas del Distrito | F15: ESCENARIOS CULTURALES VIVOS PARA TRANSFORMAR | G15: 02-03-01 | H15: Plan de Fortalecimiento para la Red de Museos Distrital diseñado e implementado | I15: Número | J15: 0 | K15: Diseñar e implementar un (1) Plan de Fortalecimiento para la Red de Museos Distrital | L15: 0.1 | M15: Bien | N15: Documentos de planeación realizados | O15: 1 | Q15: 0.3 | R15: 0.25 | S15: 0.25 | T15: 0.2 | U15: 1 | V15: =Y15+Z15+AA15+AB15 -> 0.2279375 | X15: =+T15+U15+V15+W15 -> 1.4279375 | Y15: 0.13 | Z15: 0.0979375 | AC15: =+(V15/R15)*L15 -> 0.091175 | AD15: =+(X15/O15)*L15 -> 0.14279375 | AE15: =+V15/R15 -> 0.91175 | AF15: 1
C16: Vida Digna | D16: Artes, Cultura y Patrimonio | E16: Incrementar a 35% el porcentaje de usuarios participantes en procesos de promoción de lectura en las bibliotecas del Distrito | F16: ESCENARIOS CULTURALES VIVOS PARA TRANSFORMAR | G16: 02-03-01 | H16: Plan de Fortalecimiento para la Red de Museos Distrital diseñado e implementado | I16: Número | J16: 0 | K16: Construir y dotar dos (2) infraestructuras culturales accequibles, inclusivas ny diversas | L16: 0.05 | M16: Bien | N16: Documentos de planeación realizados | O16: 2 | Q16: 1 | R16: 0 | S16: 0 | T16: 0 | U16: 0.625 | V16: =Y16+Z16+AA16+AB16 -> 0 | X16: =+T16+U16+V16+W16 -> 0.625 | Y16: 0 | Z16: 0 | AD16: =+(X16/O16)*L16 -> 0.015625 | AF16: =+X16/O16 -> 0.3125
C17: Vida Digna | D17: Artes, Cultura y Patrimonio | E17: Incrementar a 35% el porcentaje de usuarios participantes en procesos de promoción de lectura en las bibliotecas del Distrito | F17: ESCENARIOS CULTURALES VIVOS PARA TRANSFORMAR | G17: 02-03-01 | H17: Número de estrategias de aprovechamiento en espacios culturales implementadas | I17: Número | J17: 21 espacios culturales promovidos y aprovechados a corte 2023 | K17: Implementar estrategias de aprovechamiento en treinta y cuatro (34) espacios culturales (creación, divulgación, producción y difusión) | L17: 0.2 | M17: Servicio | N17: Eventos de promoción de actividades culturales realizados | O17: 34 | Q17: 34 | R17: 19 | S17: 19 | T17: 34 | U17: 44 | V17: =Y17+Z17+AA17+AB17 -> 73.8 | X17: =+T17+U17+V17+W17 -> 151.8 | Y17: 8.8 | Z17: 65 | AC17: =+(V17/R17)*L17 -> 0.77684211 | AD17: =+(X17/O17)*L17 -> 0.89294118 | AE17: =+V17/R17 -> 3.8842105 | AF17: =+X17/136 -> 1.1161765 | AG17: Los valores reportados no corresponden exclusivamente al número de infraestructuras físicas diferentes, sino a las implementaciones de estrategias de aprovechamiento desarrolladas en los espacios culturales durante cada periodo. En consecuencia, una misma infraestructura puede contabilizarse en más de una oportunidad cuando en ella se ejecutan estrategias diferenciadas, nuevas activaciones o acciones correspondientes a periodos distintos. Esta metodología responde a que el aprovechamiento de una infraestructura cultural no se agota con su inclusión inicial en el reporte. Por el contrario, se materializa a través de su uso continuo, la diversificación de la programación, la circulación de artistas, la formación de públicos, los procesos de lectura, escritura y oralidad, las actividades audiovisuales, los intercambios de saberes, la mediación cultural y demás acciones que permiten mantener los espacios activos y al servicio de la ciudadanía. El resultado de sesenta y cinco (65) no significa que el Distrito cuente con sesenta y cinco infraestructuras culturales físicas distintas. El valor representa el acumulado de implementaciones, activaciones y usos efectivos desarrollados en los espacios culturales, permitiendo que una misma infraestructura sea contabilizada nuevamente cuando recibe una estrategia diferente o cuando la estrategia continúa en un nuevo periodo con actividades, públicos y resultados verificables. El valor de 8,8 reportado en marzo refleja el avance proporcional alcanzado durante el primer corte, incluyendo estrategias que se encontraban en formulación o implementación parcial. Posteriormente, el desarrollo sostenido de las acciones en las bibliotecas, el Teatro Adolfo Mejía y los espacios intervenidos mediante el Plan Maestro de Murales permitió alcanzar las sesenta y cinco (65) implementaciones reportadas en junio. En consecuencia, la diferencia frente a la meta se explica por la intensidad y continuidad de la programación cultural desarrollada durante el primer semestre, especialmente en las dieciocho (18) bibliotecas de la Red Distrital, donde una misma infraestructura fue aprovechada mediante varias estrategias y en diferentes momentos.
F18: AVANCE PROMEDIO PROGRAMA ESCENARIOS CULTURALES VIVOS PARA TRANSFORMAR | AC18: =SUM(AC10:AC17) -> 1.3808867 | AD18: =AVERAGE(AD10:AD17) -> 0.24442362 | AE18: =AVERAGE(AE10:AE17) -> 1.2381135 | AF18: =AVERAGE(AF10:AF17) -> 0.67695057
A19: 4. Educación de calidad. 11. Ciudades y comunidades sostenibles | B19: Dignificar la vida de los habitantes del Distrito de Cartagena de Indias, reducir la pobreza multidimensional, el déficit habitacional, y ampliar la cobertura del saneamiento básico, a través de la implementación de estrategias integrales focalizadas en el fortalecimiento de la infraestructura educativa, en el fomento de las condiciones habitacionales adecuada y en el acceso de calidad de los servicios públicos, garantizando una vida digna para toda la población, durante el período de gobierno 2024-2027. | C19: Vida Digna | D19: Artes, Cultura y Patrimonio | E19: Incrementar al 100% el porcentaje de aprovechamiento de la infraestructura cultural | F19: DEMOCRATIZACIÓN DE LA CULTURA: ESTÍMULOS PARA EL FOMENTO Y DESARROLLO ARTÍSTICO, CULTURAL Y CREATIVO | G19: 02-03-02 | H19: Número de estímulos culturales y artísticos otorgados o proyectos apoyados | I19: Número | J19: 531 estímulos culturales y artísticos entregados en el cuatrienio 2020-2023 | K19: Otorgar mil (1.000) estímulos culturales y artísticos | L19: 0.5 | M19: Servicio | N19: Estímulos otorgados | O19: 1000 | Q19: 250 | R19: 250 | S19: 250 | T19: 565 | U19: 572 | V19: =Y19+Z19+AA19+AB19 -> 280 | X19: =+T19+U19+V19+W19 -> 1417 | Y19: 246 | Z19: 34 | AC19: =+(V19/R19)*L19 -> 0.56 | AD19: 0.5 | AE19: =+V19/R19 -> 1.12 | AF19: 1
C20: Vida Digna | D20: Artes, Cultura y Patrimonio | E20: Incrementar al 100% el porcentaje de aprovechamiento de la infraestructura cultural | F20: DEMOCRATIZACIÓN DE LA CULTURA: ESTÍMULOS PARA EL FOMENTO Y DESARROLLO ARTÍSTICO, CULTURAL Y CREATIVO | G20: 02-03-02 | H20: Número de estímulos otorgados con enfoque diferencial e interseccional | I20: Número | J20: 0 | K20: Otorgar cien (100) estímulos con enfoque diferencial e interseccional | L20: 0.25 | M20: Servicio | N20: Estímulos otorgados | O20: 100 | Q20: 25 | R20: 15 | S20: 25 | T20: 58 | U20: 37 | V20: =Y20+Z20+AA20+AB20 -> 1 | X20: =+T20+U20+V20+W20 -> 96 | Y20: 1 | Z20: 0 | AC20: =+(V20/R20)*L20 -> 0.016666667 | AD20: =+(X20/O20)*L20 -> 0.24 | AE20: =+V20/R20 -> 0.066666667 | AF20: =72/100 -> 0.72
C21: Vida Digna | D21: Artes, Cultura y Patrimonio | E21: Incrementar al 100% el porcentaje de aprovechamiento de la infraestructura cultural | F21: DEMOCRATIZACIÓN DE LA CULTURA: ESTÍMULOS PARA EL FOMENTO Y DESARROLLO ARTÍSTICO, CULTURAL Y CREATIVO | G21: 02-03-02 | H21: Número de mercados o espacios de circulación para emprendimientos culturales y artísticos creados | I21: Número | J21: 0 | K21: Crear seis (6) mercados o espacios de circulación para emprendimientos culturales y artísticos | L21: 0.15 | M21: Servicio | N21: Eventos de promoción de actividades culturales realizados | O21: 6 | Q21: 2 | R21: 1 | S21: 1 | T21: 2 | U21: 18 | V21: =Y21+Z21+AA21+AB21 -> 16 | X21: =+T21+U21+V21+W21 -> 36 | Y21: 6 | Z21: 10 | AC21: 0.15 | AD21: =+(Q21/U21) -> 0.11111111 | AE21: 1 | AF21: 1
C22: Vida Digna | D22: Artes, Cultura y Patrimonio | E22: Incrementar al 100% el porcentaje de aprovechamiento de la infraestructura cultural | F22: DEMOCRATIZACIÓN DE LA CULTURA: ESTÍMULOS PARA EL FOMENTO Y DESARROLLO ARTÍSTICO, CULTURAL Y CREATIVO | G22: 02-03-02 | H22: Número de emprendimientos y/o micronegocios de economía popular del sector cultura, artes y patrimonio con apoyo financiero | I22: Número | J22: 0 | K22: Otorgar ciento cincuenta (150) apoyos financieros para micronegocios de economía popular del sector cultura, artes y patrimonio | L22: 0.1 | M22: Servicio | N22: Personas beneficiadas con apoyos del Programa Nacional de Estímulos | O22: 150 | Q22: 50 | R22: 25 | S22: 50 | T22: 0 | U22: 180 | V22: =Y22+Z22+AA22+AB22 -> 50 | X22: =+T22+U22+V22+W22 -> 230 | Y22: 0 | Z22: 50 | AC22: =+(V22/R22)*L22 -> 0.2 | AD22: =+(X22/O22)*L22 -> 0.15333333 | AE22: =+V22/R22 -> 2 | AF22: 1
F23: AVANCE PROMEDIO PROGRAMA DEMOCRATIZACION DE LA CULTURAESTIMULOS PARA EL FOMENTO Y DESARROLLO ARTISTICO,CULTURAL Y CREATIVO | AC23: =SUM(AC19:AC22) -> 0.92666667 | AD23: =SUM(AD19:AD22) -> 1.0044444 | AE23: =AVERAGE(AE19:AE22) -> 1.0466667 | AF23: =AVERAGE(AF19:AF22) -> 0.93
B24: Dignificar la vida de los habitantes del Distrito de Cartagena de Indias, reducir la pobreza multidimensional, el déficit habitacional, y ampliar la cobertura del saneamiento básico, a través de la implementación de estrategias integrales focalizadas en el fortalecimiento de la infraestructura educativa, en el fomento de las condiciones habitacionales adecuada y en el acceso de calidad de los servicios públicos, garantizando una vida digna para toda la población, durante el período de gobierno 2024-2027. | C24: Vida Digna | D24: Artes, Cultura y Patrimonio | E24: Incrementar al 100% el porcentaje de aprovechamiento de la infraestructura cultural | F24: FORMACIÓN ARTÍSTICA Y CULTURAL | G24: 02-03-03 | H24: Número de personas vinculadas al programa de Formación Artística y Cultural | I24: Número | J24: 4.583 personas vinculadas en el programa de Formación Artística y Cultural a corte 2023 | K24: Vincular a mil ochocientas (1.800) personas en el programa de Formación Artística y Cultural | L24: 0.19019644 | M24: Servicio | N24: Personas capacitadas | O24: 1800 | Q24: 1800 | R24: 1800 | S24: 1800 | T24: 2952 | U24: 2756 | V24: =Y24+Z24+AA24+AB24 -> 25 | X24: =+T24+U24+V24+W24 -> 5733 | Y24: 0 | Z24: 25 | AC24: =+(V24/R24)*L24 -> 0.0026416173 | AD24: 0.19 | AE24: =+V24/R24 -> 0.013888889 | AF24: =+X24/7200 -> 0.79625
C25: Vida Digna | D25: Artes, Cultura y Patrimonio | E25: Incrementar al 100% el porcentaje de aprovechamiento de la infraestructura cultural | F25: FORMACIÓN ARTÍSTICA Y CULTURAL | G25: 02-03-03 | H25: Sistema Distrital de Formación Artística y Cultural creado e implementado | I25: Número | J25: 0 | K25: Crear e implementar un (1) Sistema Distrital de Formación Artística y Cultural | L25: 0.80980356 | M25: Servicio | N25: Documentos de lineamientos técnicos realizados | O25: 1 | Q25: 0.25 | R25: 0.25 | S25: 0.2 | T25: 0.3 | U25: 0.2525 | V25: =Y25+Z25+AA25+AB25 -> 0.09 | X25: =+T25+U25+V25+W25 -> 0.6425 | Y25: 0.06 | Z25: 0.03 | AC25: =+(V25/R25)*L25 -> 0.29152928 | AD25: =+(X25/O25)*L25 -> 0.52029879 | AE25: =+V25/R25 -> 0.36 | AF25: =+X25/O25 -> 0.6425
F26: AVANCE PROMEDIO PROGRAMA FORMACION ARTISTICA Y CULTURAL | AC26: =SUM(AC24:AC25) -> 0.2941709 | AD26: =SUM(AD24:AD25) -> 0.71029879 | AE26: =AVERAGE(AE24:AE25) -> 0.18694444 | AF26: =AVERAGE(AF24:AF25) -> 0.719375
B27: Dignificar la vida de los habitantes del Distrito de Cartagena de Indias, reducir la pobreza multidimensional, el déficit habitacional, y ampliar la cobertura del saneamiento básico, a través de la implementación de estrategias integrales focalizadas en el fortalecimiento de la infraestructura educativa, en el fomento de las condiciones habitacionales adecuada y en el acceso de calidad de los servicios públicos, garantizando una vida digna para toda la población, durante el período de gobierno 2024-2027. | C27: Vida Digna | D27: Artes, Cultura y Patrimonio | E27: Incrementar a 95% el porcentaje de cumplimiento del Índice de Desempeño Institucional del Instituto de Patrimonio y Cultura en el marco del Modelo Integrado de Planeación y Gestión (MIPG) | F27: DERECHOS CULTURALES Y FORTALECIMIENTO INSTITUCIONAL PARA LA GOBERNANZA | G27: 02-03-04 | H27: Estrategia de modernización y mejoramiento del desempeño institucional del Instituto de Patrimonio y Cultura diseñada e implementada | I27: Número | J27: 0 | K27: Diseñar e implementar una (1) estrategia de modernización y mejoramiento del desempeño institucional del Instituto de Patrimonio y Cultura | L27: 0.35 | M27: Servicio | N27: Documentos de planeación realizados | O27: 1 | Q27: 0.48 | R27: 0.055 | S27: 0.23 | T27: 0.08 | U27: 0.81 | V27: =Y27+Z27+AA27+AB27 -> 0.058 | X27: =+T27+U27+V27+W27 -> 0.948 | Y27: 0.037 | Z27: 0.021 | AC27: =+(V27/R27)*L27 -> 0.36909091 | AD27: =+(X27/O27)*L27 -> 0.3318 | AE27: =+V27/R27 -> 1.0545455 | AF27: =+X27/O27 -> 0.948
C28: Vida Digna | D28: Artes, Cultura y Patrimonio | E28: Incrementar a 95% el porcentaje de cumplimiento del Índice de Desempeño Institucional del Instituto de Patrimonio y Cultura en el marco del Modelo Integrado de Planeación y Gestión (MIPG) | F28: DERECHOS CULTURALES Y FORTALECIMIENTO INSTITUCIONAL PARA LA GOBERNANZA | G28: 02-03-04 | H28: Plan de fortalecimiento para el Sistema Distrital de Cultura y consejos de áreas artísticas | I28: Número | J28: 0 | K28: Diseñar e implementar un (1) plan de fortalecimiento para Sistema Distrital de Cultura y consejos de áreas artísticas | L28: 0.25 | M28: Servicio | N28: Documentos de lineamientos técnicos realizados | O28: 1 | Q28: 0.48 | R28: 0.245 | S28: 0.23 | T28: 0.07 | U28: 0.44 | V28: =Y28+Z28+AA28+AB28 -> 0.12 | X28: =+T28+U28+V28+W28 -> 0.63 | Y28: 0.09 | Z28: 0.03 | AC28: =+(V28/R28)*L28 -> 0.12244898 | AD28: =+(X28/O28)*L28 -> 0.1575 | AE28: =+V28/R28 -> 0.48979592 | AF28: =+X28/O28 -> 0.63
C29: Vida Digna | D29: Artes, Cultura y Patrimonio | E29: Incrementar a 95% el porcentaje de cumplimiento del Índice de Desempeño Institucional del Instituto de Patrimonio y Cultura en el marco del Modelo Integrado de Planeación y Gestión (MIPG) | F29: DERECHOS CULTURALES Y FORTALECIMIENTO INSTITUCIONAL PARA LA GOBERNANZA | G29: 02-03-04 | H29: Comisión Fílmica de Cartagena de Indias implementada y PUFAC (Permiso Unificado de Filmaciones Audiovisuales) adquirido | I29: Número | J29: 0 | K29: Implementar una (1) Comisión Fílmica de Cartagena de Indias y adquirir un (1) Permiso Unificado de Filmaciones Audiovisuales (PUFAC) | L29: 0.2 | M29: Servicio | N29: Documentos normativos realizados | O29: 1 | Q29: 0.5 | R29: 0.5 | S29: 0 | T29: 0.5 | U29: 0.68 | V29: =Y29+Z29+AA29+AB29 -> 0.1651 | X29: =+T29+U29+V29+W29 -> 1.3451 | Y29: 0.0417 | Z29: 0.1234 | AC29: =+(V29/R29)*L29 -> 0.06604 | AD29: 0.2 | AE29: =+V29/R29 -> 0.3302 | AF29: 1
C30: Vida Digna | D30: Artes, Cultura y Patrimonio | E30: Incrementar a 95% el porcentaje de cumplimiento del Índice de Desempeño Institucional del Instituto de Patrimonio y Cultura en el marco del Modelo Integrado de Planeación y Gestión (MIPG) | F30: DERECHOS CULTURALES Y FORTALECIMIENTO INSTITUCIONAL PARA LA GOBERNANZA | G30: 02-03-04 | H30: Cinemateca de Cartagena de Indias construida | I30: Número | J30: 0 | K30: Construir una (1) Cinemateca de Cartagena de Indias | L30: 0.1 | M30: Servicio | N30: Centros culturales construidos | O30: 1 | Q30: 1 | R30: 0.55 | S30: 0 | T30: 0 | U30: 0.45 | V30: =Y30+Z30+AA30+AB30 -> 0 | X30: =+T30+U30+V30+W30 -> 0.45 | Y30: 0 | Z30: 0 | AC30: =+(V30/R30)*L30 -> 0 | AD30: =+(X30/O30)*L30 -> 0.045 | AE30: =+V30/R30 -> 0 | AF30: =+X30/O30 -> 0.45
C31: Vida Digna | D31: Artes, Cultura y Patrimonio | E31: Incrementar a 95% el porcentaje de cumplimiento del Índice de Desempeño Institucional del Instituto de Patrimonio y Cultura en el marco del Modelo Integrado de Planeación y Gestión (MIPG) | F31: DERECHOS CULTURALES Y FORTALECIMIENTO INSTITUCIONAL PARA LA GOBERNANZA | G31: 02-03-04 | H31: Política Pública Distrital de Cinematografía, Medios Audiovisuales e Interactivos formulada e implementada | I31: Número | J31: 0 | K31: Formular e implementar una (1) Política Pública Distrital de Cinematografía, Medios Audiovisuales e Interactivos | L31: 0.1 | M31: Servicio | N31: Documentos de planeación realizados | O31: 1 | Q31: 0.4 | R31: 0.4 | S31: 0.2 | T31: 0 | U31: 0.35 | V31: =Y31+Z31+AA31+AB31 -> 0.09 | X31: =+T31+U31+V31+W31 -> 0.44 | Y31: 0 | Z31: 0.09 | AC31: =+(V31/R31)*L31 -> 0.0225 | AD31: =+(X31/O31)*L31 -> 0.044 | AE31: =+V31/R31 -> 0.225 | AF31: =+X31/O31 -> 0.44
F32: AVANCE PROMEDIO PROGRAMADERECHOS CULTURALES Y FORTALECIMIENTO INSTITUCIONAL PARA LA GOBERNANZA | AC32: =SUM(AC27:AC31) -> 0.58007989 | AD32: =SUM(AD27:AD31) -> 0.7783 | AE32: =AVERAGE(AE27:AE31) -> 0.41990827 | AF32: =AVERAGE(AF27:AF31) -> 0.6936
B33: Dignificar la vida de los habitantes del Distrito de Cartagena de Indias, reducir la pobreza multidimensional, el déficit habitacional, y ampliar la cobertura del saneamiento básico, a través de la implementación de estrategias integrales focalizadas en el fortalecimiento de la infraestructura educativa, en el fomento de las condiciones habitacionales adecuada y en el acceso de calidad de los servicios públicos, garantizando una vida digna para toda la población, durante el período de gobierno 2024-2027. | C33: Vida Digna | D33: Artes, Cultura y Patrimonio | E33: Incrementar a 95% el porcentaje de cumplimiento del Índice de Desempeño Institucional del Instituto de Patrimonio y Cultura en el marco del Modelo Integrado de Planeación y Gestión (MIPG) | F33: CARTAGENA BRILLA CON SU CULTURA Y PATRIMONIO MATERIAL E INMATERIAL | G33: 02-03-05 | H33: Número de festivales, fiestas y festejos implementados y desarrollados | I33: Número | J33: 0 | K33: Implementar y desarrollar dieciséis (16) festivales, fiestas y festejos para promoción del patrimonio inmaterial | L33: 0.4 | M33: Servicio | N33: Eventos de promoción de actividades culturales realizados | O33: 16 | Q33: 4 | R33: 4 | S33: 4 | T33: 8 | U33: 50 | V33: =Y33+Z33+AA33+AB33 -> 16 | X33: =+T33+U33+V33+W33 -> 74 | Y33: 2 | Z33: 14 | AC33: =+(V33/R33)*L33 -> 1.6 | AD33: 0.4 | AE33: =+V33/R33 -> 4 | AF33: 1 | AG33: Los dieciséis (16) festivales, fiestas y festejos corresponden a la meta establecida para el cuatrienio 2024-2027. Para cada vigencia se programan cuatro (4) eventos principales y representativos del patrimonio cultural inmaterial y de la tradición festiva y gastronómica de Cartagena: 1. Festival del Frito Cartagenero. 2. Festival del Dulce Cartagenero. 3. Fiestas de Independencia del 11 de Noviembre. 4. Festival del Pastel Cartagenero. Estos cuatro eventos constituyen la programación anual inicialmente definida para dar cumplimiento progresivo a la meta del cuatrienio. Sin embargo, durante la vigencia 2026 el IPCC ha ampliado su gestión mediante el apoyo, acompañamiento y articulación de otros festivales, fiestas y festejos desarrollados en diferentes sectores de la ciudad. Esta ejecución adicional no significa que la meta de dieciséis (16) eventos se haya convertido en una meta anual, sino que el Instituto ha superado la programación prevista para la vigencia debido a la dinámica cultural del territorio, las solicitudes presentadas por las comunidades y la necesidad de garantizar la protección, promoción, circulación y apropiación social de otras manifestaciones del patrimonio cultural inmaterial. Además de los cuatro eventos principales, se han apoyado o desarrollado las siguientes tipologías de actividades: • Fiestas patronales realizadas en barrios, corregimientos y comunidades, las cuales conservan prácticas religiosas, musicales, dancísticas, gastronómicas y comunitarias transmitidas entre generaciones. • Eventos culturales y artísticos realizados en conmemoración del aniversario de la fundación de Cartagena de Indias, mediante los cuales se fortalece la memoria histórica, la identidad cartagenera, el reconocimiento de los actores festivos y la apropiación del patrimonio material e inmaterial de la ciudad. • Festejos, encuentros, muestras, desfiles, presentaciones artísticas y actividades comunitarias desarrolladas en el marco de las Fiestas de Independencia del 11 de Noviembre. Aunque estas actividades se articulan con la agenda festiva distrital, algunas cuentan con programación, población beneficiaria, organización y alcance propios, por lo cual representan procesos adicionales de promoción del patrimonio cultural inmaterial. • Festivales y muestras gastronómicas desarrollados en diferentes sectores de Cartagena, orientados a la preservación y divulgación de recetas tradicionales, técnicas de preparación, saberes culinarios, productos locales y prácticas asociadas a la cocina cartagenera y caribeña. • Celebraciones comunitarias que fortalecen las expresiones musicales, dancísticas, artesanales, orales, religiosas y festivas propias de los barrios y corregimientos del Distrito. • Eventos de circulación y promoción de portadores de tradición, artistas, cocineras y cocineros tradicionales, músicos, bailarines, artesanos, gestores culturales y demás actores vinculados con la salvaguardia del patrimonio inmaterial. Para efectos del seguimiento, cada festival, fiesta o festejo adicional se contabiliza cuando cuenta con una programación definida, un propósito cultural diferenciado, población beneficiaria, participación de actores o portadores de tradición y evidencias de su realización. Por tanto, no se contabilizan únicamente actividades aisladas dentro de un mismo evento, sino procesos festivos o culturales que poseen identidad, organización y alcance propios. En consecuencia, los valores superiores a la programación anual de cuatro (4) eventos corresponden a una mayor ejecución física de la meta, derivada del apoyo a otras manifestaciones culturales y comunitarias que no estaban incluidas inicialmente dentro de los cuatro festivales principales. Estos resultados evidencian la ampliación de la cobertura territorial, el fortalecimiento de las tradiciones locales y una mayor capacidad institucional para acompañar las dinámicas culturales de las comunidades. Por lo anterior, se aclara que la meta del cuatrienio se mantiene en dieciséis (16) festivales, fiestas y festejos, mientras que los eventos adicionales desarrollados o apoyados durante 2026 corresponden a una sobreejecución frente a la programación anual, sustentada en la diversidad y dinámica del patrimonio cultural inmaterial de Cartagena de Indias.
C34: Vida Digna | D34: Artes, Cultura y Patrimonio | E34: Incrementar a 95% el porcentaje de cumplimiento del Índice de Desempeño Institucional del Instituto de Patrimonio y Cultura en el marco del Modelo Integrado de Planeación y Gestión (MIPG) | F34: CARTAGENA BRILLA CON SU CULTURA Y PATRIMONIO MATERIAL E INMATERIAL | G34: 02-03-05 | H34: Festival de Música del Caribe impulsado anualmente | I34: Número | J34: 0 | K34: Impulsar anualmente el desarrollo de un (1) Festival de Música del Caribe | L34: 0.3 | M34: Servicio | N34: Estímulos otorgados | O34: 1 | Q34: 1 | R34: 1 | S34: 1 | T34: 0 | U34: 1 | V34: =Y34+Z34+AA34+AB34 -> 0 | X34: =+T34+U34+V34+W34 -> 1 | Y34: 0 | Z34: 0 | AC34: =+(V34/R34)*L34 -> 0 | AD34: =+(X34/O34)*L34 -> 0.3 | AE34: =+V34/R34 -> 0 | AF34: 0.25
C35: Vida Digna | D35: Artes, Cultura y Patrimonio | E35: Incrementar a 95% el porcentaje de cumplimiento del Índice de Desempeño Institucional del Instituto de Patrimonio y Cultura en el marco del Modelo Integrado de Planeación y Gestión (MIPG) | F35: CARTAGENA BRILLA CON SU CULTURA Y PATRIMONIO MATERIAL E INMATERIAL | G35: 02-03-05 | H35: Inventario del patrimonio cultural material e inmaterial de Cartagena elaborado | I35: Número | J35: 0 | K35: Elaborar un (1) inventario del patrimonio cultural material e inmaterial de Cartagena | L35: 0.1 | M35: Servicio | N35: Documentos de lineamientos técnicos realizados | O35: 1 | Q35: 0.475 | R35: 0.25 | S35: 0.25 | T35: 0.025 | U35: 0.3333 | V35: =Y35+Z35+AA35+AB35 -> 0.04 | X35: =+T35+U35+V35+W35 -> 0.3983 | Y35: 0.01 | Z35: 0.03 | AC35: =+(V35/R35)*L35 -> 0.016 | AD35: =+(X35/O35)*L35 -> 0.03983 | AE35: =+V35/R35 -> 0.16 | AF35: =+X35/O35 -> 0.3983
C36: Vida Digna | D36: Artes, Cultura y Patrimonio | E36: Incrementar a 95% el porcentaje de cumplimiento del Índice de Desempeño Institucional del Instituto de Patrimonio y Cultura en el marco del Modelo Integrado de Planeación y Gestión (MIPG) | F36: CARTAGENA BRILLA CON SU CULTURA Y PATRIMONIO MATERIAL E INMATERIAL | G36: 02-03-05 | H36: Número de estrategias para la preservación y protección de las tradiciones técnicas, costumbres y saberes propias de la cultura cartagenera diseñadas e implementadas | I36: Número | J36: 0 | K36: Diseñar e implementar cuatro (4) estrategias para la preservación y protección de las tradiciones técnicas, costumbres y saberes propias de la cultura cartagenera (cultura alimentaria de las matronas, artesanía, tradición oral, entre otras) | L36: 0.1 | M36: Servicio | N36: Eventos de promoción de actividades culturales realizados | O36: 4 | Q36: 1 | R36: 1 | S36: 1 | T36: 1 | U36: 1 | V36: =Y36+Z36+AA36+AB36 -> 0.555 | X36: =+T36+U36+V36+W36 -> 2.555 | Y36: 0.05 | Z36: 0.505 | AC36: =+(V36/R36)*L36 -> 0.0555 | AD36: =+(X36/O36)*L36 -> 0.063875 | AE36: =+V36/R36 -> 0.555 | AF36: =+X36/O36 -> 0.63875
C37: Vida Digna | D37: Artes, Cultura y Patrimonio | E37: Incrementar a 95% el porcentaje de cumplimiento del Índice de Desempeño Institucional del Instituto de Patrimonio y Cultura en el marco del Modelo Integrado de Planeación y Gestión (MIPG) | F37: CARTAGENA BRILLA CON SU CULTURA Y PATRIMONIO MATERIAL E INMATERIAL | G37: 02-03-05 | H37: Plan Maestro para el cuidado, conservación y apropiación social del patrimonio material elaborado e implementado | I37: Número | J37: 0 | K37: Elaborar e implementar un (1) Plan Maestro para el cuidado, conservación y apropiación social del patrimonio material | L37: 0.1 | M37: Servicio | N37: Documentos de planeación realizados | O37: 1 | Q37: 0.5 | R37: 0.25 | S37: 0.25 | T37: 0 | U37: 0.45 | V37: =Y37+Z37+AA37+AB37 -> 0.08 | X37: =+T37+U37+V37+W37 -> 0.53 | Y37: 0.01 | Z37: 0.07 | AC37: =+(V37/R37)*L37 -> 0.032 | AD37: =+(X37/O37)*L37 -> 0.053 | AE37: =+V37/R37 -> 0.32 | AF37: =+X37/O37 -> 0.53
F38: AVANCE PROMEDIO PROGRAMA CARTAGENA BRILLA CON SU CULTURA Y PATRIMONIO MATERIAL E INMATERIAL | AC38: =SUM(AC33:AC37) -> 1.7035 | AD38: =SUM(AD33:AD37) -> 0.856705 | AE38: =AVERAGE(AE33:AE37) -> 1.007 | AF38: =AVERAGE(AF33:AF37) -> 0.56341
B39: Dignificar la vida de los habitantes del Distrito de Cartagena de Indias, reducir la pobreza multidimensional, el déficit habitacional, y ampliar la cobertura del saneamiento básico, a través de la implementación de estrategias integrales focalizadas en el fortalecimiento de la infraestructura educativa, en el fomento de las condiciones habitacionales adecuada y en el acceso de calidad de los servicios públicos, garantizando una vida digna para toda la población, durante el período de gobierno 2024-2027. | C39: DE LOS PUEBLOS Y COMUNIDADES ETNICAS | D39: Fortalecimiento al Desarrollo Afro-Territorial de la Población Negra, Afrocolombiana, Raizal y Palenquera | E39: Incrementar a 20% el porcentaje de la población negra, afrocolombiana, raizal, palenquera que habita el Distrito vinculada a procesos de fortalecimiento y reconocimiento de sus derechos, diversidad étnica y cultural como un principio fundamental | F39: DESARROLLO LOCAL SOSTENIBLE Y PROSPERIDAD COLECTIVA EN LOS TERRITORIOS DE LAS COMUNIDADES NEGRAS DEL DISTRITO DE CARTAGENA | G39: 06-01-01 | H39: Programa de Salvaguarda y Recuperación de los Bienes de Interés de Cultural de los Territorios negros, afrocolombiano, raizales y palenqueros creado e implementado | I39: Número | J39: ND | K39: Crear e implementar un (1) Programa de Salvaguarda y Recuperación de los Bienes de Interés de Cultural de los Territorios negros, afrocolombiano, raizales y palenqueros | L39: 1 | M39: Servicio | N39: Documentos de planeación realizados | O39: 1 | Q39: 1 | R39: 1 | S39: 1 | T39: 0 | U39: 0.85 | V39: =Y39+Z39+AA39+AB39 -> 0.075 | X39: =+T39+U39+V39+W39 -> 0.925 | Y39: 0.075 | Z39: 0 | AC39: =+(V39/R39)*L39 -> 0.075 | AD39: =+(X39/O39)*L39 -> 0.925 | AE39: =+V39/R39 -> 0.075 | AF39: =+X39/O39 -> 0.925
F40: AVANCE PROMEDIO PROGRAMA DESARROLLO LOCAL SOSTENIBLE Y PROSPERIDAD COLECTIVA EN LOS TERRITORIOS DE LAS COMUNIDADES NEGRAS DEL DISTRITO DE CARTAGENA | AC40: =SUM(AC39) -> 0.075 | AD40: =SUM(AD39) -> 0.925 | AE40: =AVERAGE(AE39) -> 0.075 | AF40: =AVERAGE(AF39) -> 0.925
B41: Dignificar la vida de los habitantes del Distrito de Cartagena de Indias, reducir la pobreza multidimensional, el déficit habitacional, y ampliar la cobertura del saneamiento básico, a través de la implementación de estrategias integrales focalizadas en el fortalecimiento de la infraestructura educativa, en el fomento de las condiciones habitacionales adecuada y en el acceso de calidad de los servicios públicos, garantizando una vida digna para toda la población, durante el período de gobierno 2024-2027. | C41: DE LOS PUEBLOS Y COMUNIDADES ETNICAS | D41: Territorio Sitio de Paz y Pensamiento Colectivo | E41: Incrementar a 50% el porcentaje de población indígena que habita el Distrito de Cartagena vinculada a procesos fortalecimiento y reconocimiento de sus derechos, diversidad étnica y cultural como un principio fundamental | F41: ATENCIÓN INTEGRAL PARA LAS COMUNIDADES INDÍGENAS | G41: 06-02-01 | H41: Programa de protección, divulgación, preservación y salvaguarda de las prácticas, costumbres y saberes ancestrales de los pueblos originarios de los 6 cabildos indígenas presentes en el Distrito creado e implementado | I41: Número | J41: ND | K41: Crear e implementar un (1) programa de protección, divulgación, preservación y salvaguarda de las prácticas, costumbres y saberes ancestrales de los pueblos originarios de los 6 Cabildos Indígenas presentes en el Distrito | L41: 1 | M41: Servicio | N41: Eventos de promoción de actividades culturales realizados | O41: 1 | Q41: 1 | R41: 1 | S41: 1 | T41: 0 | U41: 0.85 | V41: =Y41+Z41+AA41+AB41 -> 0.275 | X41: =+T41+U41+V41+W41 -> 1.125 | Y41: 0.175 | Z41: 0.1 | AC41: =+(V41/R41)*L41 -> 0.275 | AD41: 1 | AE41: =+V41/R41 -> 0.275 | AF41: 1
F42: AVANCE PROMEDIO PROGRAMA ATENCION INTEGRAL PARA LAS COMUNIDADES INDIGENAS | AC42: =SUM(AC41) -> 0.275 | AD42: =SUM(AD41) -> 1 | AE42: =AVERAGE(AE41) -> 0.275 | AF42: =AVERAGE(AF41) -> 1
F43: AVANCE ESTRATEGICO DEL IPCC JUNIO 2026 | AC43: =AVERAGE(AC18,AC23,AC26,AC32,AC38,AC40,AC42) -> 0.7479006 | AD43: =AVERAGE(AD18,AD23,AD26,AD32,AD38,AD40,AD42) -> 0.78845312 | AE43: =AVERAGE(AE18,AE23,AE26,AE32,AE38,AE40,AE42) -> 0.60694756 | AF43: =AVERAGE(AF18,AF23,AF26,AF32,AF38,AF40,AF42) -> 0.78690508

Sheet 2. GESTIÓN-MIPG
C1: ALCALDIA DISTRITAL DE CARTAGENA DE INDIAS | AA1: Código: PTDGI01-F001
C2: MACROPROCESO: PLANEACIÓN TERRITORIAL Y DIRECCIONAMIENTO ESTRATEGICO | AA2: Versión: 1.0
C3: PROCESO / SUBPROCESO: GESTIÓN DE LA INVERSIÓN PUBLICA / GESTIÓN DEL PLAN DE DESARROLLO Y SUS INSTRUMENTOS DE EJECUCIÓN | AA3: Fecha: 16/07/2024
C4: FORMATO PLAN DE ACCIÓN INSTITUCIONAL | AA4: Página: 2 de 3
A5: DEPENDENCIA :
A6: GESTIÓN ADMINISTRATIVA - MIPG | Z6: ADMINISTRACIÓN DE RIESGOS
A8: META DE RESULTADO | B8: DIMENSIÓN (ES) DE MIPG | C8: POLÍTICA DE GESTIÓN Y DESEMPEÑO INSTITUCIONAL | D8: PROCESO ASOCIADO | E8: SUBPROCESO ASOCIADO | F8: OBJETIVO DEL SUBPROCESO | G8: NOMBRE DEL INDICADOR | H8: PROPÓSITO | I8: FRECUENCIA | J8: TIPO DE INDICADOR | K8: GRUPO DE VALOR | L8: AVANCE Mes1 | M8: AVANCE Mes2 | N8: AVANCE Mes3 | O8: AVANCE Mes4 | P8: AVANCE Mes5 | Q8: AVANCE Mes6 | R8: AVANCE Mes7 | S8: AVANCE Mes8 | T8: AVANCE Mes9 | U8: AVANCE Mes10 | V8: AVANCE Mes11 | W8: AVANCE Mes12 | X8: PROMEDIO | Y8: PLANES DECRETO 612 DE 2018 | Z8: RIESGOS ASOCIADOS AL PROCESO | AA8: CONTROLES ESTABLECIDOS PARA LOS RIESGOS
A9: Incrementar a 35% el porcentaje de usuarios participantes en procesos de promoción de lectura en las bibliotecas del Distrito | B9: Gestiòn de valores para Resultados | C9: • Fortalecimiento organizacional y Simplificaciòn de procesos | D9: Gestiòn Fomento Arte y Cultura | E9: Gestiòn del Conocimiento | F9: Conocer las diferentes expresiones culturales, permitiendo su divulgación a la | G9: Porcentaje de usuarios participantes en procesos de promocion de lectura | H9: Medir el porcentaje de incremento en los usuarios participantes en procesos de promocion de lectura en las bibliotecas del distrito | I9: Trimestral | J9: Eficiencia | K9: CIUDADANÍA | L9: 0.1 | M9: 0.1 | N9: 0.1 | Y9: Plan Anual de Adquisiciones | Z9: Posibilidad de perdida reputacional debido al bajo porcentaje de usuarios participantes en procesos de promocion de lectura en las bibliotecas del distrito | AA9: Aplicar el procedimiento fortalecimiento de la lectura
C10: • Participaciòn ciudadana en la gestiòn pùblica | F10: población y la conservación en el tiempo | Y10: Plan de Trabajo Anual en Seguridad y Salud en el Trabajo | AD10: ENTIDADES
Y11: Plan Anticorrupción y de Atención al Ciudadano | AD11: SERVIDORES
Y12: Plan Estratégico de Tecnologías de la Información y las Comunicaciones –¬ PETI | AD12: CIUDADANÍA
Y13: Plan de Tratamiento de Riesgos de Seguridad y Privacidad de la Información | AD13: INTERNO
Y14: Plan de Seguridad y Privacidad de la Información
A15: Incrementar a 35% el porcentaje de usuarios participantes en procesos de promoción de lectura en las bibliotecas del Distrito | K15: CIUDADANÍA | Y15: " Plan Anual de Adquisiciones | AA15: Recolección de datos eficientes para registrar la participación, la satisfacción de los usuarios, y el número de actividades realizadas. ( Aplicar encuestas de satisfaccion)
Y16: Plan de Trabajo Anual en Seguridad y Salud en el Trabajo
Y17: Plan Anticorrupción y de Atención al Ciudadano | AA17: Revisar y ajustar el indicador periodicamente para asegurar que reflejen el progreso real hacia la meta propuesta
Y18: Plan Estratégico de Tecnologías de la Información y las Comunicaciones –¬ PETI
Y19: Plan de Tratamiento de Riesgos de Seguridad y Privacidad de la Información
Y20: Plan de Seguridad y Privacidad de la Información
A21: Incrementar a 35% el porcentaje de usuarios participantes en procesos de promoción de lectura en las bibliotecas del Distrito | C21: • Fortalecimiento organizacional y Simplificaciòn de procesos | D21: Gestiòn Fomento Arte y Cultura | E21: Gestiòn del Conocimiento | F21: Conocer las diferentes expresiones culturales, permitiendo su divulgación a la | G21: Porcentaje de usuarios participantes en procesos de promocion de lectura | H21: Medir el porcentaje actual de usuarios de la biblioteca que participan en programas de promoción de lectura | I21: Trimestral | J21: Eficiencia | K21: CIUDADANÍA | L21: 0.1 | M21: 0.1 | N21: 0.1 | Y21: " Plan Anual de Adquisiciones | Z21: Posibilidad de perdida reputacional debido al bajo porcentaje de usuarios participantes en procesos de promocion de lectura en las bibliotecas del distrito | AA21: Aplicar el procedimiento fortalecimiento de la lectura
C22: • Participaciòn ciudadana en la gestiòn pùblica | F22: población y la conservación en el tiempo | Y22: Plan de Trabajo Anual en Seguridad y Salud en el Trabajo
Y23: Plan Anticorrupción y de Atención al Ciudadano
Y24: Plan Estratégico de Tecnologías de la Información y las Comunicaciones –¬ PETI
Y25: Plan de Tratamiento de Riesgos de Seguridad y Privacidad de la Información
Y26: Plan de Seguridad y Privacidad de la Información
A27: Incrementar a 35% el porcentaje de usuarios participantes en procesos de promoción de lectura en las bibliotecas del Distrito | D27: Gestiòn Fomento Arte y Cultura | E27: Gestiòn del Conocimiento | F27: Conocer las diferentes expresiones culturales, permitiendo su divulgación a la | K27: CIUDADANÍA | Y27: " Plan Anual de Adquisiciones | AA27: Recolección de datos eficientes para registrar la participación, la satisfacción de los usuarios, y el número de actividades realizadas. ( Aplicar encuestas de satisfaccion)
F28: población y la conservación en el tiempo | Y28: Plan de Trabajo Anual en Seguridad y Salud en el Trabajo
Y29: Plan Anticorrupción y de Atención al Ciudadano | AA29: Revisar y ajustar el indicador periodicamente para asegurar que reflejen el progreso real hacia la meta propuesta
Y30: Plan Estratégico de Tecnologías de la Información y las Comunicaciones –¬ PETI
Y31: Plan de Tratamiento de Riesgos de Seguridad y Privacidad de la Información
Y32: Plan de Seguridad y Privacidad de la Información
A33: Incrementar a 35% el porcentaje de usuarios participantes en procesos de promoción de lectura en las bibliotecas del Distrito | C33: • Fortalecimiento organizacional y Simplificaciòn de procesos | D33: Gestiòn Fomento Arte y Cultura | E33: Gestiòn del Conocimiento | F33: Conocer las diferentes expresiones culturales, permitiendo su divulgación a la | G33: Tasa de crecimiento de participación en actividades de promoción de lectura. | H33: Medir el incremento porcentual mensual en la participación de usuarios en programas de promoción de lectura. | I33: mensual | J33: Eficacia | K33: CIUDADANÍA | L33: 0.1 | M33: 0.1 | N33: 0.1 | Y33: Plan Anual de Adquisiciones | Z33: Posibilidad de perdida reputacional debido al bajo porcentaje de usuarios participantes en procesos de promocion de lectura en las bibliotecas del distrito | AA33: Aplicar el procedimiento fortalecimiento de la lectura
C34: • Participaciòn ciudadana en la gestiòn pùblica | F34: población y la conservación en el tiempo | Y34: Plan de Trabajo Anual en Seguridad y Salud en el Trabajo
Y35: Plan Anticorrupción y de Atención al Ciudadano
Y36: Plan Estratégico de Tecnologías de la Información y las Comunicaciones –¬ PETI
Y37: Plan de Tratamiento de Riesgos de Seguridad y Privacidad de la Información
Y38: Plan de Seguridad y Privacidad de la Información
A39: Incrementar a 35% el porcentaje de usuarios participantes en procesos de promoción de lectura en las bibliotecas del Distrito | C39: • Fortalecimiento organizacional y Simplificaciòn de procesos | D39: Gestiòn Fomento Arte y Cultura | E39: Gestiòn del Conocimiento | F39: Conocer las diferentes expresiones culturales, permitiendo su divulgación a la | G39: Cobertura de programas de promocion de lectura | H39: Medir la proporción de bibliotecas del Distrito que ofrecen programas de promoción de lectura. | I39: Semestral | J39: Eficacia | K39: CIUDADANÍA | L39: 0.1 | M39: 0.1 | N39: 0.1 | Y39: Plan Anual de Adquisiciones | AA39: Recolección de datos eficientes para registrar la participación, la satisfacción de los usuarios, y el número de actividades realizadas. ( Aplicar encuestas de satisfaccion)
C40: • Participaciòn ciudadana en la gestiòn pùblica | F40: población y la conservación en el tiempo | Y40: Plan de Trabajo Anual en Seguridad y Salud en el Trabajo
Y41: Plan Anticorrupción y de Atención al Ciudadano | AA41: Revisar y ajustar el indicador periodicamente para asegurar que reflejen el progreso real hacia la meta propuesta
Y42: Plan Estratégico de Tecnologías de la Información y las Comunicaciones –¬ PETI
Y43: Plan de Tratamiento de Riesgos de Seguridad y Privacidad de la Información
Y44: Plan de Seguridad y Privacidad de la Información
A45: Incrementar a 35% el porcentaje de usuarios participantes en procesos de promoción de lectura en las bibliotecas del Distrito | C45: • Fortalecimiento organizacional y Simplificaciòn de procesos | D45: Gestiòn Fomento Arte y Cultura | E45: Gestiòn del Conocimiento | F45: Conocer las diferentes expresiones culturales, permitiendo su divulgación a la | G45: Cobertura de programas de promocion de lectura | H45: Medir la proporción de bibliotecas del Distrito que ofrecen programas de promoción de lectura. | I45: Semestral | J45: Eficacia | K45: CIUDADANÍA | L45: 0.1 | M45: 0.1 | N45: 0.1 | Y45: Plan Anual de Adquisiciones | Z45: Posibilidad de perdida reputacional debido al bajo porcentaje de bibliotecas del distrito que ofrecen programas de promocion de lectura | AA45: Aplicar el procedimiento fortalecimiento de la lectura
C46: • Participaciòn ciudadana en la gestiòn pùblica | F46: población y la conservación en el tiempo | Y46: Plan de Trabajo Anual en Seguridad y Salud en el Trabajo | AA46: Seguimiento al cronograma o agenda de actividades de cada una de las bibliotecas que hacen parte de la red
Y47: Plan Anticorrupción y de Atención al Ciudadano
Y48: Plan Estratégico de Tecnologías de la Información y las Comunicaciones –¬ PETI
Y49: Plan de Tratamiento de Riesgos de Seguridad y Privacidad de la Información
Y50: Plan de Seguridad y Privacidad de la Información
A51: Incrementar al 100% el porcentaje de aprovechamiento de la infraestructura cultural (estimulos) | C51: • Fortalecimiento organizacional y Simplificaciòn de procesos | D51: Gestiòn Fomento Arte y Cultura | E51: Estimulos para la cultura | F51: Fortalecer los proyectos e iniciativas desarrolladas para la creacion artistica y cultural a traves de la entrega de estimulos mediante convocatorias publicas para el desarrollo de las propuestas | G51: Porcentaje de uso de la infraestructura cultural | H51: Medir el porcentaje de la capacidad total de la infraestructura cultural que se está utilizando activamente. | I51: Trimestral | J51: Eficiencia | K51: CIUDADANÍA | L51: 0.1 | M51: 0.1 | N51: 0.1 | Z51: Posibilidad de perdida reputacional debido al bajo porcentaje de aprovechamiento de la infraestructura cultural | AA51: Aplicar el procedimiento progrrama de estimulos para la cultura
C52: • Participaciòn ciudadana en la gestiòn pùblica
AA53: Monitorear y ajustar las estrategias para asegurar un mayor aprovechamiento de la infraestructura cultural, alcanzando así el objetivo del 100% de aprovechamiento.
A54: Incrementar al 100% el porcentaje de aprovechamiento de la infraestructura cultural (estimulos) | C54: • Fortalecimiento organizacional y Simplificaciòn de procesos | D54: Gestiòn Fomento Arte y Cultura | E54: Estimulos para la cultura | F54: Fortalecer los proyectos e iniciativas desarrolladas para la creacion artistica y cultural a traves de la entrega de estimulos mediante convocatorias publicas para el desarrollo de las propuestas | G54: Porcentaje de uso de la infraestructura cultural | H54: Medir el porcentaje de la capacidad total de la infraestructura cultural que se está utilizando activamente. | I54: Trimestral | J54: Eficiencia | K54: CIUDADANÍA | L54: 0.1 | M54: 0.1 | N54: 0.1 | Z54: Posibilidad de perdida reputacional debido al bajo porcentaje de aprovechamiento de la infraestructura cultural | AA54: Aplicar el procedimiento progrrama de estimulos para la cultura
C55: • Participaciòn ciudadana en la gestiòn pùblica
AA56: Monitorear y ajustar las estrategias para asegurar un mayor aprovechamiento de la infraestructura cultural, alcanzando así el objetivo del 100% de aprovechamiento.
A57: Incrementar al 100% el porcentaje de aprovechamiento de la infraestructura cultural (espacios para emprendimientos) | C57: • Fortalecimiento organizacional y Simplificaciòn de procesos | D57: Gestiòn Fomento Arte y Cultura | E57: Estimulos para la cultura | F57: Fortalecer los proyectos e iniciativas desarrolladas para la creacion artistica y cultural a traves de la entrega de estimulos mediante convocatorias publicas para el desarrollo de las propuestas | G57: Número de beneficiarios de los estímulos culturales | H57: Medir cuántas personas o grupos han recibido estímulos culturales como becas, apoyos o subvenciones. | I57: Semestral | J57: Eficiencia | K57: CIUDADANÍA | L57: 0.1 | M57: 0.1 | N57: 0.1 | Z57: Posibilidad de perdida reputacional debido al bajo porcentaje de aprovechamiento de la infraestructura cultural | AA57: Aplicar el procedimiento progrrama de estimulos para la cultura
C58: • Participaciòn ciudadana en la gestiòn pùblica
AA59: Monitorear y ajustar las estrategias para asegurar un mayor aprovechamiento de la infraestructura cultural, alcanzando así el objetivo del 100% de aprovechamiento.
A60: Incrementar al 100% el porcentaje de aprovechamiento de la infraestructura cultural (apoyo financiero a emprenimientos) | C60: • Fortalecimiento organizacional y Simplificaciòn de procesos | D60: Gestiòn Fomento Arte y Cultura | E60: Estimulos para la cultura | F60: Fortalecer los proyectos e iniciativas desarrolladas para la creacion artistica y cultural a traves de la entrega de estimulos mediante convocatorias publicas para el desarrollo de las propuestas | G60: Número de eventos realizados | H60: Medir la cantidad de eventos culturales organizados en la infraestructura. | I60: Trimestral | J60: Eficacia | K60: CIUDADANÍA | L60: 0.1 | M60: 0.1 | N60: 0.1 | Z60: Posibilidad de perdida reputacional debido al bajo porcentaje de aprovechamiento de la infraestructura cultural | AA60: Aplicar el procedimiento progrrama de estimulos para la cultura
C61: • Participaciòn ciudadana en la gestiòn pùblica
AA62: Seguimiento y Monitoreo a la agenda de eventos organizados para asegurar un mayor aprovechamiento de la infraestructura cultural, alcanzando así el objetivo del 100% de aprovechamiento.
A63: Incrementar al 100% el porcentaje de aprovechamiento de la infraestructura cultural (programa de formaciòn) | C63: • Fortalecimiento organizacional y Simplificaciòn de procesos | D63: Gestiòn Fomento Arte y Cultura | E63: Formaciòn Artistica y Cultural | F63: Promover y fortalecer los procesos de formacion artistica y cultural a traves del desarrollo de programas artisticos y culturales | G63: Número de participantes en los programas | H63: Medir el porcentaje de incremento del numero de personas vinculadas a los programas artísticos y culturales | I63: Trimestral | J63: Eficacia | K63: CIUDADANÍA | L63: 0.1 | M63: 0.1 | N63: 0.1 | Z63: Posibilidad de perdida reputacional debido a el bajo porcentaje de personas participantes en los programas artisticos y culturales propuestos | AA63: Aplicar procedimiento formacion artistica y cultural
C64: • Participaciòn ciudadana en la gestiòn pùblica
AA65: Seguimiento al cronograma de programas para la formacion artistica y cultural
A66: Incrementar al 100% el porcentaje de aprovechamiento de la infraestructura cultural (programa de formaciòn) | C66: • Fortalecimiento organizacional y Simplificaciòn de procesos | D66: Gestiòn Fomento Arte y Cultura | E66: Formaciòn Artistica y Cultural | F66: Promover y fortalecer los procesos de formacion artistica y cultural a traves del desarrollo de programas artisticos y culturales | G66: Número de participantes en los programas | H66: Medir el porcentaje de incremento del numero de personas vinculadas a los programas artísticos y culturales | I66: Trimestral | J66: Eficacia | K66: CIUDADANÍA | L66: 0.1 | M66: 0.1 | N66: 0.1 | Z66: Posibilidad de perdida reputacional debido a el bajo porcentaje de personas participantes en los programas artisticos y culturales propuestos | AA66: Aplicar procedimiento formacion artistica y cultural
C67: • Participaciòn ciudadana en la gestiòn pùblica
AA68: Seguimiento al cronograma de programas para la formacion artistica y cultural
A69: Incrementar a 95% el porcentaje de cumplimiento del Índice de Desempeño Institucional del Instituto de Patrimonio y Cultura en el marco del Modelo Integrado de Planeación y Gestión (MIPG) (mejora del desempeño institucional) | D69: Sistemas Integrados de Gestiòn | E69: Implementaciòn y Seguimiento al Sistema Integrado de Gestiòn | F69: Velar por la implementacion y sostenimiento del sistema integrado de gestion con base en las metodologias y lineamientos normativos vigentes | G69: Porcentaje de cumplimiento de los planes de acción del MIPG. | H69: Evaluar la eficiencia en la ejecución de las actividades planificadas bajo el MIPG | I69: Trimestral | J69: Eficiencia | K69: SERVIDORES | L69: 0.1 | M69: 0.1 | N69: 0.1 | Z69: Posibilidad de perdida reputacional debido al bajo cumplimiento del Índice de Desempeño Institucional del Instituto de Patrimonio y Cultura en el marco del Modelo Integrado de Planeación y Gestión (MIPG) | AA69: Aplicar el procedimiento Implementacion y seguimiento al sistema integrado de gestion SIG
G71: Porcentaje de documentos institucionales actualizados y alineados con el MIPG | H71: Asegurar que la documentación institucional cumple con los requisitos del MIPG. | I71: Semestral | J71: Eficacia | K71: INTERNO | L71: 0.1 | M71: 0.1 | N71: 0.1 | AA71: Realizar seguimientos al cumplimiento de los planes de accion del MIPG
A72: Incrementar a 95% el porcentaje de cumplimiento del Índice de Desempeño Institucional del Instituto de Patrimonio y Cultura en el marco del Modelo Integrado de Planeación y Gestión (MIPG) (sistema distrital de cultura y consejos de areas) | D72: Gestiòn Fomento Arte y Cultura | E72: Poblaciones | F72: Fortalecer la identidad e integridad de los diferentes grupos poblacionales, salvaguardando sus expresiones culturales. | G72: Porcentaje de participación de los consejos de áreas artisticas en las actividades planificadas. | H72: Medir el porcentaje de cumplimiento de las actividades del plan de fortalecimiento para el Sistema Distrital de Cultura y consejos de áreas artísticas | I72: Trimestral | J72: Eficacia | K72: CIUDADANÍA | L72: 0.1 | M72: 0.1 | N72: 0.1 | Z72: Posibilidad de perdida reputacional debido a el bajo porcentaje de cumplimiento de las actividades del plan de fortalecimiento para el Sistema Distrital de Cultura y consejos de áreas artísticas | AA72: Seguimiento y monitoreo al Plan de fortalecimiento para el Sistema Distrital de Cultura y consejos de áreas artísticas
A73: Incrementar a 95% el porcentaje de cumplimiento del Índice de Desempeño Institucional del Instituto de Patrimonio y Cultura en el marco del Modelo Integrado de Planeación y Gestión (MIPG) (comision filmica) | D73: Gestiòn Fomento Arte y Cultura | E73: Poblaciones | F73: Fortalecer la identidad e integridad de los diferentes grupos poblacionales, salvaguardando sus expresiones culturales. | G73: Implementacion de la Comisión Fílmica de Cartagena de Indias | H73: Medir el porcentaje de avance en la implementacion de la Comisión Fílmica de Cartagena de Indias implementada y PUFAC | I73: Trimestral | J73: Eficacia | K73: INTERNO | L73: 0.1 | M73: 0.1 | N73: 0.1 | Z73: Posibilidad de perdida reputacional debido a la no implementacion de una (1) Comisión Fílmica de Cartagena de Indias y adquirir un (1) Permiso Unificado de Filmaciones Audiovisuales (PUFAC) | AA73: Ejecucion, seguimiento y monitoreo a las actividades planeadas para la implementacion de la Comisión Fílmica de Cartagena de Indias y la adquisicion del Permiso Unificado de Filmaciones Audiovisuales (PUFAC)
A74: Incrementar a 95% el porcentaje de cumplimiento del Índice de Desempeño Institucional del Instituto de Patrimonio y Cultura en el marco del Modelo Integrado de Planeación y Gestión (MIPG) (cinemateca construida) | D74: Gestiòn Fomento Arte y Cultura | E74: Gestiòn del Conocimiento | F74: Conocer las diferentes expresiones culturales, permitiendo su divulgación a la | G74: Cinemateca de cartagena de indias construida | H74: Medir avance en la construccion de la cinemateca | I74: Semestral | J74: Eficacia | K74: CIUDADANÍA | L74: 0.1 | M74: 0.1 | N74: 0.1 | Z74: Posibilidad de perdida reputacional debido a la no construccion de la cinemateca de cartagena de indias | AA74: Ejecucion, seguimiento y monitoreo al Plan para la construccion de la cinemateca
F75: población y la conservación en el tiempo
A76: Incrementar a 95% el porcentaje de cumplimiento del Índice de Desempeño Institucional del Instituto de Patrimonio y Cultura en el marco del Modelo Integrado de Planeación y Gestión (MIPG) (politica de cinematografia) | D76: Gestiòn Fomento Arte y Cultura | E76: Gestiòn del Conocimiento | F76: Conocer las diferentes expresiones culturales, permitiendo su divulgación a la | G76: Política Pública Distrital de Cinematografía, Medios Audiovisuales e Interactivos | H76: Conocer el avance en la formulacion e implementacion de la politica publica distrital de cinematografia, medios audiovisuales e interactivos | I76: Trimestral | J76: Eficacia | K76: CIUDADANÍA | L76: 0.1 | M76: 0.1 | N76: 0.1 | Z76: Posibilidad de perdida reputacional debido a la no formulacion e implementacion de una politica publica distrital de cinematografia, medios audiovisuales e interactivos | AA76: Formular e implementar la politica publica distrital de cinematografia, medios audiovisuales e inteactivos
F77: población y la conservación en el tiempo
A78: Incrementar a 95% el porcentaje de cumplimiento del Índice de Desempeño Institucional del Instituto de Patrimonio y Cultura en el marco del Modelo Integrado de Planeación y Gestión (MIPG) (numero de festivales) | D78: Gestiòn Fomento Arte y Cultura | E78: Procesos festivos | F78: Adelantar, coordinar y organizar las actividades inherentes en el desarrollo de las | G78: Porcentaje de festivales, fiestas y festejos para promoción del patrimonio inmaterial realizados | H78: Alcanzar el 100% de los festivales planificados en el periodo. | I78: Anual | J78: Eficacia | K78: CIUDADANÍA | L78: 0.1 | M78: 0.1 | N78: 0.1 | Z78: Posibilidad de perdida reputacional debido a no implementar y desarrollar dieciséis (16) festivales, fiestas y festejos para promoción del patrimonio inmaterial durante el periodo | AA78: Ejecucion, seguimiento y monitoreo a las actividades planeadas para la implementacion y desarrollo de festivales,fiestas y festejos para la promocion del patrimonio inmaterial durante el periodo
F79: fiestas de independencia y festejos patrimoniales atendiendo los parámetros
F80: establecido
A81: Incrementar a 95% el porcentaje de cumplimiento del Índice de Desempeño Institucional del Instituto de Patrimonio y Cultura en el marco del Modelo Integrado de Planeación y Gestión (MIPG) (festival de la musica | D81: Gestiòn Fomento Arte y Cultura | E81: Procesos festivos | F81: Adelantar, coordinar y organizar las actividades inherentes en el desarrollo de las | G81: Porcentaje de festivales, fiestas y festejos para promoción del patrimonio inmaterial realizados | H81: Porcentaje de festivales, fiestas y festejos para promoción del patrimonio inmaterial realizados | I81: Anual | K81: CIUDADANÍA | L81: 0.1 | M81: 0.1 | N81: 0.1
F82: fiestas de independencia y festejos patrimoniales atendiendo los parámetros
F83: establecido
A84: Incrementar a 95% el porcentaje de cumplimiento del Índice de Desempeño Institucional del Instituto de Patrimonio y Cultura en el marco del Modelo Integrado de Planeación y Gestión (MIPG) (inventario del patrimonio) | D84: Gestiòn Conservaciòn del Patrimonio | E84: Administraciòn Patrimonial | F84: Administrar bienes de la nación y del distrito que se tomen en administración de | G84: Porcentaje de bienes patrimoniales inventariados | H84: Medir el porcentaje de avance en el inventario del patrimonio cultural material e inmaterial de Cartagena. | I84: Trimestral | J84: Eficacia | K84: INTERNO | L84: 0.1 | M84: 0.1 | N84: 0.1 | Z84: Posibilidad de perdida economica y reputacional debido a la no realizacion del inventario del patrimonio cultural material e inmaterial de Cartagena | AA84: Ejecucion, seguimiento y monitoreo a las actividades planeadas para la realizacion del inventario de patrimonio
F85: conformidad con los mandatos legales existentes
A86: Incrementar a 95% el porcentaje de cumplimiento del Índice de Desempeño Institucional del Instituto de Patrimonio y Cultura en el marco del Modelo Integrado de Planeación y Gestión (MIPG) Estrategia para la preservaciòn y tradiciones artisticas | D86: Gestiòn Fomento Arte y Cultura | E86: Gestiòn del Conocimiento | F86: Conocer las diferentes expresiones culturales, permitiendo su divulgación a la población y la conservación en el tiempo | G86: Implementación de Estrategias de Preservación | H86: Medir el porcentaje de estrategias implementadas para la preservación y protección de tradiciones frente al total de estrategias planificadas. | I86: Trimestral | J86: Eficacia | K86: CIUDADANÍA | L86: 0.1 | M86: 0.1 | N86: 0.1 | Z86: Posibilidad de perdida reputacional debido a no diseñar e implementar estrategias para la preservación y protección de las tradiciones técnicas, costumbres y saberes propias de la cultura cartagenera | AA86: Implementacion, seguimiento y monitoreo a las estrategias diseñadas
A88: Incrementar a 95% el porcentaje de cumplimiento del Índice de Desempeño Institucional del Instituto de Patrimonio y Cultura en el marco del Modelo Integrado de Planeación y Gestión (MIPG) Plan Maestro para el cuidado, conservación y apropiación social del patrimonio material elaborado e implementado | D88: Gestiòn Conservaciòn del Patrimonio | E88: Administraciòn Patrimonial | F88: Administrar bienes de la nación y del distrito que se tomen en administración de | G88: Porcentaje de avance en la elaboración del Plan Maestro | H88: Medir el porcentaje de avance en la elaboracion del plan maestro para el cuidado, conservación y apropiación social del patrimonio material | I88: Trimestral | J88: Eficacia | K88: CIUDADANÍA | L88: 0.1 | M88: 0.1 | N88: 0.1 | Z88: Posibilidad de perdida economica y reputacional debido a recursos Fianancieros, humanos y técnicos insuficientes que puedean dificultar la implementación efectiva del Plan Maestro. | AA88: Fortalecimiento de los acuerdos interinstitucionales
F89: conformidad con los mandatos legales existentes
AA90: Reuniones periódicas de progreso y evaluaciones de desempeño interinstitucional.
AA92: Obtener financiamiento específico y capacitar personal específicamente para la implementación del Plan Maestro.

Sheet 3. INVERSIÓN 
C1: ALCALDIA DISTRITAL DE CARTAGENA DE INDIAS | AZ1: Código: PTDGI01-F001
C2: MACROPROCESO: PLANEACIÓN TERRITORIAL Y DIRECCIONAMIENTO ESTRATEGICO | AZ2: Versión: 1.0
C3: PROCESO / SUBPROCESO: GESTIÓN DE LA INVERSIÓN PUBLICA / GESTIÓN DEL PLAN DE DESARROLLO Y SUS INSTRUMENTOS DE EJECUCIÓN | AZ3: Fecha: 16/07/2024
C4: FORMATO SALIDA DE INFORMACION RESULTADOS DE SEGUIMIENTO Y EVALUACIÓN DE PLAN DE ACCIÓN INSTITUCIONAL | AZ4: Página: 3 de 3
A5: DEPENDENCIA : | C5: INSTITUTO DE PATRIMONIO Y CULTURA DE CARTAGENA DE INDIAS
A6: PROYECTOS DE INVERSIÓN | AC6: PLAN ANUAL DE ADQUISICIONES | AI6: PROGRAMACIÓN PRESUPUESTAL
A8: META DE RESULTADO | B8: PROGRAMA | C8: CÓDIGO DE PROGRAMA | D8: META PRODUCTO PDD 2024 | E8: PROYECTO DE INVERSIÓN | F8: CÓDIGO DE PROYECTO BPIN | G8: OBJETIVO GENERAL DEL PROYECTO | H8: OBJETIVO ESPECIFICO DEL PROYECTO | I8: PRODUCTO DEL PROYECTO | J8: PONDERACIÓN DE PRODUCTO | K8: ACTIVIDADES DE PROYECTO DE INVERSIÓN ( HITOS ) | L8: TRAZADOR PRESUPUESTAL | M8: ENTREGABLE | N8: PROGRAMACIÓN NUMÉRICA DE LA ACTIVIDAD PROYECTO (VIGENCIA) | O8: REPORTE ACTIVIDADES PROYECTO DE ENERO A MARZO 2026 | P8: REPORTE ACTIVIDADES PROYECTO DE ABRIL A JUNIO 2026 | Q8: REPORTE ACTIVIDADES PROYECTO DE JULIO A SEPTIEMBRE 2026 | R8: REPORTE ACTIVIDADES PROYECTO DE OCTUBRE A DICIEMBRE 2026 | S8: ACUMULADO ACTIVIDAD DE PROYECTO 2026 | T8: AVANCES ACTIVIDADES DE PROYECTO | U8: FECHA DE INICIO DE LA ACTIVIDAD | V8: FECHA DE TERMINACIÓN DE LA ACTIVIDAD | W8: TIEMPO DE EJECUCIÓN (número de días) | X8: BENEFICIARIOS PROGRAMADOS | Y8: UNIDAD COMUNERA DE GOBIERNO A IMPACTAR | Z8: NOMBRE DEL RESPONSABLE | AA8: RIESGOS DEL PROYECTO | AB8: ACCIONES DE CONTROL DE LOS RIESGOS DE LOS PROYECTOS | AC8: ¿REQUIERE CONTRATACIÓN? | AD8: DESCRIPCIÓN DE LA ADQUISICIÓN ASOCIADA AL PROYECTO | AE8: CUANTÍA ASIGNADA A LA CONTRATACIÓN | AF8: MODALIDAD DE SELECCIÓN | AG8: FUENTE DE RECURSOS | AH8: FECHA DE INICIO DE CONTRATACIÓN | AI8: APROPIACIÓN INICIAL (en pesos) | AJ8: APROPACIÓN DEFINITIVA POR PROYECTO (MARZO) | AK8: APROPACIÓN DEFINITIVA POR PROYECTO (JUNIO) | AL8: APROPACIÓN DEFINITIVA POR PROYECTO (SEPTIEMBRE) | AM8: APROPACIÓN DEFINITIVA POR PROYECTO (DICIEMBRE) | AN8: FUENTE DE FINANCIACIÓN | AO8: RUBRO PRESUPUESTAL | AP8: PRESUPUESTO EJECUTADO MARZO COMPROMISOS | AQ8: PORCENTAJE DEL PRESUPUESTO EJECUTADO MARZO COMPROMISOS | AR8: PRESUPUESTO EJECUTADO MARZO OBLIGACIONES | AS8: PORCENTAJE DEL PRESUPUESTO EJECUTADO MARZO OBLIGACIONES | AT8: PRESUPUESTO EJECUTADO JUNIO COMPROMISOS | AU8: PRESUPUESTO EJECUTADO JUNIO OBLIGACIONES | AV8: PRESUPUESTO EJECUTADO SEPTIEMBRE COMPROMISOS | AW8: PRESUPUESTO EJECUTADO SEPTIEMBRE OBLIGACIONES | AX8: PRESUPUESTO EJECUTADO DICIEMBRE COMPROMISOS | AY8: PRESUPUESTO EJECUTADO DICIEMBRE OBLIGACIONES | AZ8: OBSERVACIONES | BA8: OBSERVACIONES JUNIO 2026
A9: Incrementar a 35% el porcentaje de usuarios participantes en procesos de promoción de lectura en las bibliotecas del Distrito | B9: ESCENARIOS CULTURALES VIVOS PARA TRANSFORMAR | C9: 02-03-01 | D9: Dotar de mobiliario y equipo y mantener en funcionamiento dieciocho (18) bibliotecas | E9: Fortalecimiento de la infraestructura cultural como "Escenarios Vivos" para la transformación social en Cartagena de Indias | F9: 2024130010106 | G9: Mejorar la prestación de servicios en la infraestructura cultural del Distrito de Cartagena de Indias | H9: Mejorar la prestación de servicios bibliotecarios en las bibliotecas de la ciudad. | I9: 1. Bibliotecas adecuadas | J9: 0.1 | K9: 1.1. Realizar el mantenimiento preventivo y correctivo de las bibliotecas públicas y comunitarias del Distrito de Cartagena. | L9: Infancia Adolescencia Adultez Enfoque diferencial | M9: Bibliotecas adecuadas | N9: 18 | O9: 18 | P9: 12 | S9: =SUM(O9:R9) -> 30 | T9: =+S9/N9 -> 1.6666667 | U9: 46042 | V9: 46387 | W9: =_xlfn.DAYS(V9,U9) -> 345 | X9: 1065570 | Y9: DISTRITO DE CARTAGENA DE INDIAS | Z9: CARMEN LUCY ESPINOSA DIAZ DIRECTORA GENERAL | AA9: • Operacionales: Cambios en los precios de insumos necesarios para el desarrollo de las actividades. | AB9: • Costeo de insumos necesarios para las actividades con base en precios promedio del mercado | AC9: SI | AI9: 292731771 | AJ9: 292731771 | AK9: =+AI9+AJ9 -> 585463542 | AN9: - SGP CULTURA | AO9: Fortalecimiento de la infraestructura cultural como "Escenarios Vivos" para la transformación social en Cartagena de Indias | AQ9: =+AP9/AJ9 -> 0 | AS9: =+AR9/AJ9 -> 0 | AZ9: "Teniendo en cuenta que la meta proyectada para el cuatrienio es de 34 y en consideración a que el acumulado a la vigencia 2025 es de 30, la entidad se permite hacer una programación de la vigencia 2026 más aterrizada a las capacidades financieras y priorizando las infraestructuras que requieren los mejoramientos, intervenciones y/o sostenibilidad en orden de lo establecido en la meta" | BA9: La programación anual de dieciocho (18) mantenimientos se estableció tomando como referencia las dieciocho (18) bibliotecas que integran la Red Distrital, con el propósito de garantizar, como mínimo, una intervención preventiva o correctiva en cada una durante la vigencia. Sin embargo, esta programación constituye una cobertura mínima y no un límite máximo, debido a que una misma biblioteca puede requerir varias intervenciones a lo largo del año, dependiendo de sus condiciones físicas, nivel de uso y necesidades operativas. Estas pueden estar relacionadas con redes eléctricas, iluminación, pintura, cubiertas, humedad, mobiliario u otros elementos indispensables para su funcionamiento. Por esta razón, el acumulado de treinta (30) corresponde al total de mantenimientos efectivamente realizados hasta junio, incluyendo intervenciones adicionales en algunas bibliotecas para prevenir su deterioro, atender necesidades imprevistas y garantizar la continuidad y adecuada prestación de los servicios culturales.
K10: 1.2. Dotar con mobiliario, equipos, conectividad, indumentaria y elementos lúdicos necesarios a las bibliotecas públicas y comunitarias del Distrito de Cartagena. | N10: 14 | O10: 0 | P10: 0 | S10: =SUM(O10:R10) -> 0 | T10: =+S10/N10 -> 0 | U10: 46042 | V10: 46387 | W10: =_xlfn.DAYS(V10,U10) -> 345 | AC10: SI | AI10: 70400000 | AJ10: 70400000 | AK10: =+AI10+AJ10 -> 140800000 | AN10: - VENTA DE BIENES Y SERVICIOS IPCC | AQ10: =+AP10/AJ10 -> 0 | AS10: =+AR10/AJ10 -> 0
K11: 1.3. Realizar dotación y/o actualización bibliográfica y tecnológica de la Red distrital de bibliotecas públicas del Distrito de Cartagena | N11: 14 | O11: 14 | P11: 0 | S11: =SUM(O11:R11) -> 14 | T11: =+S11/N11 -> 1 | U11: 46042 | V11: 46387 | W11: =_xlfn.DAYS(V11,U11) -> 345 | AB11: • Proyección presupuestal con base en plan plurianual de inversiones. | AC11: SI | AD11: CONTRATACION DE PRESTACION DE SERVICIOS | AE11: 166400000 | AF11: CONTRATACION DIRECTA | AG11: SGP | AH11: ENERO | AI11: 648025000 | AJ11: 648025000 | AK11: =+AI11+AJ11 -> 1296050000 | AN11: ESTAMPILLAS PROCULTURA (IPCC) | AP11: 138100000 | AQ11: =+AP11/AJ11 -> 0.21310906 | AR11: 28300000 | AS11: =+AR11/AJ11 -> 0.043671155 | AT11: 1.1132512e+09 | AU11: 1.1132512e+09
K12: 1.4. Mantener, mejorar, adecuar, ampliar y/o rehabilitar las bibliotecas públicas y comunitarias del del Distrito de Cartagena. | N12: 14 | O12: 3 | P12: 4 | S12: =SUM(O12:R12) -> 7 | T12: =+S12/N12 -> 0.5 | U12: 46042 | V12: 46387 | W12: =_xlfn.DAYS(V12,U12) -> 345 | AC12: SI | AI12: 550000000 | AJ12: 550000000 | AK12: =+AI12+AJ12 -> 1100000000 | AN12: IMPUESTO DE ESPECTACULOS PUBLICOS IPCC | AQ12: =+AP12/AJ12 -> 0 | AS12: =+AR12/AJ12 -> 0
D13: Mejorar, adecuar y/o dotar treinta y cuatro (34) infraestructuras culturales accesibles, inclusivas y diversas | H13: Adecuar la infraestructura cultural para el desarrollo de actividades culturales, académicas y lúdico-educativas | I13: 2. Infraestructuras culturales dotadas | J13: 0.15 | K13: 2.1. Dotar con mobiliario, equipos y conectividad a la infraestructura cultural del Distrito de Cartagena. | M13: Infraestructuras culturales dotadas | N13: 14 | O13: 14 | P13: 0 | S13: =SUM(O13:R13) -> 14 | T13: =+S13/N13 -> 1 | U13: 46042 | V13: 46387 | W13: =_xlfn.DAYS(V13,U13) -> 345 | AA13: • Financieros: Cambios en las prioridades de inversión de la administración local. | AB13: • Oferta de salarios de acuerdo con las calidades de la mano de obra. | AC13: SI | AI13: 130370684 | AJ13: 130370684 | AK13: =+AI13+AJ13 -> 260741368 | AN13: RF SGP CULTURA | AQ13: =+AP13/AJ13 -> 0 | AS13: =+AR13/AJ13 -> 0 | AT13: 1.483718e+08 | AU13: 1.483718e+08 | AZ13: INFRAESTRUCTURA - https://ipccar-my.sharepoint.com/:f:/g/personal/coordinacionplaneacion_ipcc_gov_co/IgAKI1taPf8eTZ9fXjKDPcZkAd_gbA1aZjAd0dO_YJ4A-Og?e=An10fe
K14: 2.2. Realizar el mantenimiento preventivo y correctivo de la infraestructura cultural del Distrito de Cartagena. | N14: 13 | O14: 1 | P14: 6 | S14: =SUM(O14:R14) -> 7 | T14: =+S14/N14 -> 0.53846154 | U14: 46042 | V14: 46387 | W14: =_xlfn.DAYS(V14,U14) -> 345 | AC14: SI | AI14: 2000000 | AJ14: 2000000 | AK14: =+AI14+AJ14 -> 4000000 | AN14: RF SGP CULTURA IPCC | AP14: 0 | AQ14: =+AP14/AJ14 -> 0 | AS14: =+AR14/AJ14 -> 0
K15: 2.3. Mantener, mejorar, adecuar, ampliar y/o rehabilitar la infraestructura cultural del Distrito de Cartagena. | N15: 12 | O15: 3 | P15: 7 | S15: =SUM(O15:R15) -> 10 | T15: =+S15/N15 -> 0.83333333 | U15: 46042 | V15: 46387 | W15: =_xlfn.DAYS(V15,U15) -> 345 | AA15: • Administrativos: Dificultad para contratar mano de obra calificada. | AB15: • Costeo de insumos necesarios para las actividades con base en precios promedio del mercado | AC15: SI | AK15: =+AI15+AJ15 -> 0
K16: 2.4. Realizar la pre-inversión en estudios de factibilidad, diseños arquitectónicos, planos, estudio de suelos y otros estudios necesarios para construir, mejorar, adecuar, ampliar y/o rehabilitar infraestructura cultural del Distrito de Cartagena. | N16: 1 | O16: 0 | P16: 0 | S16: =SUM(O16:R16) -> 0 | T16: =+S16/N16 -> 0 | U16: 46042 | V16: 46387 | W16: =_xlfn.DAYS(V16,U16) -> 345 | AC16: SI | AK16: =+AI16+AJ16 -> 0
E18: AVANCE PROYECTO Fortalecimiento de la infraestructura cultural como "Escenarios Vivos" para la transformación social en Cartagena de Indias | T18: =AVERAGE(T9:T17) -> 0.69230769 | AI18: =SUM(AI9:AI17) -> 1693527455 | AJ18: =SUM(AJ9:AJ17) -> 1693527455 | AK18: =+AI18+AJ18 -> 3387054910 | AP18: =SUM(AP9:AP17) -> 138100000 | AQ18: =AP18/AJ18 -> 0.08154577 | AR18: =+AR11 -> 28300000 | AS18: =+AR18/AJ18 -> 0.016710683 | AT18: 2.3823658e+09 | AU18: 2.3823658e+09
A19: Incrementar a 35% el porcentaje de usuarios participantes en procesos de promoción de lectura en las bibliotecas del Distrito | B19: ESCENARIOS CULTURALES VIVOS PARA TRANSFORMAR | C19: 02-03-01 | D19: Vincular a trescientas seis mil cincuenta y nueve (306.059) personas de manera efectiva a los procesos de lenguaje, lectura, escritura y oralidad | E19: Aprovechamiento de la infraestructura cultural existente para la implementación de una agenda cultural articulada y permanente en el distrito | F19: 2024130010107 | G19: Mejorar el aprovechamiento de los espacios culturales del Distrito de Cartagena de indias. | H19: Aumentar la participación del público en la oferta de actividades desarrolladas por la bibliotecas públicas y comunitarias. | I19: 1. Servicios bibliotecarios | J19: 0.2 | K19: 1.1. Coordinar y desarrollar actividades de funcionamiento y operación de la infraestructura cultural de Cartagena. | L19: Infancia Adolescencia Adultez Enfoque diferencial | M19: Usuarios atendidos | N19: 10 | O19: 37 | P19: 172 | S19: =SUM(O19:R19) -> 209 | T19: 1 | U19: 46042 | V19: 46387 | W19: =_xlfn.DAYS(V19,U19) -> 345 | AA19: • Administrativos: Dificultad para contratar mano de obra calificada. | AC19: SI | AD19: CONTRATACION DE PRESTACION DE SERVICIOS | AE19: 477200000000 | AF19: CONTRATACION DIRECTA | AG19: SGP | AH19: ENERO | AI19: 501368129 | AJ19: 501368129 | AK19: =+AI19+AJ19 -> 1002736258 | AN19: - SGP CULTURA | AO19: Aprovechamiento de la infraestructura cultural existente para la implementación de una agenda cultural articulada y permanente en el distrito | AP19: 336100000 | AQ19: =AP19/AJ19 -> 0.67036571 | AR19: 141100000 | AS19: =AR19/AJ19 -> 0.28142994 | AT19: 354780677 | AU19: 292180677 | AZ19: APROVECHAMIENTO - https://ipccar-my.sharepoint.com/:f:/g/personal/coordinacionplaneacion_ipcc_gov_co/IgBcpfXYQHirT5WtghSSPC48AdCGI77ltacP1ErZbzPQX9I?e=gJPj79 | BA19: La programación anual de diez (10) se estableció como una proyección mínima inicial de actividades para garantizar el funcionamiento y la operación de la infraestructura cultural. No obstante, durante la vigencia se amplió la programación del Teatro Adolfo Mejía y de las dieciocho (18) bibliotecas de la Red Distrital, de acuerdo con la demanda de servicios, las alianzas institucionales y las necesidades de las comunidades. El acumulado de doscientas nueve (209) corresponde al total de actividades efectivamente realizadas hasta junio. En el Teatro Adolfo Mejía se desarrollaron festivales, exposiciones, visitas académicas, eventos culturales y comerciales, circulación de artistas y actividades de mediación. En las bibliotecas se realizaron clubes de lectura, talleres, cineforos, actividades LEO, encuentros comunitarios, procesos formativos y jornadas de extensión bibliotecaria. Cada actividad se contabiliza de manera independiente por contar con una fecha, programación, población beneficiaria y propósito específico, aunque se desarrolle en una infraestructura utilizada anteriormente. Por tanto, las 209 actividades no representan infraestructuras diferentes, sino usos efectivos y recurrentes de los escenarios culturales. La diferencia frente a la programación se explica por la ampliación y continuidad de la oferta cultural durante el primer semestre, evidenciando un mayor aprovechamiento de la infraestructura y una mayor capacidad de atención a la ciudadanía.
AC20: SI
AC21: SI
K22: Planear, coordinar y realizar actividades de extensión bibliotecaria | N22: 840 | O22: 73 | P22: 138 | S22: =SUM(O22:R22) -> 211 | T22: 1 | AC22: SI
K23: Diseñar, coordinar e implementar la agenda de oferta cultural de las Red Distrital de Bibliotecas de Cartagena. | N23: 1 | O23: 0.074 | P23: 0.36 | S23: =SUM(O23:R23) -> 0.434 | T23: =+S23/O23 -> 5.8648649 | U23: 46042 | V23: 46387 | W23: =_xlfn.DAYS(V23,U23) -> 345 | AC23: SI | AI23: 105600000 | AJ23: 105600000 | AK23: =+AI23+AJ23 -> 211200000 | AN23: - VENTA DE BIENES Y SERVICIOS IPCC | AP23: 0 | AQ23: =AP23/AJ23 -> 0 | AR23: 0 | AS23: 0
S24: =SUM(O24:R24) -> 0 | AC24: SI
D25: Diseñar e implementar un (1) Plan de Fortalecimiento para la Red de Museos Distrital | S25: =SUM(O25:R25) -> 0 | AC25: SI
S26: =SUM(O26:R26) -> 0 | AC26: SI
S27: =SUM(O27:R27) -> 0 | AC27: SI
I28: 1.1. Servicio de fomento para el acceso de la oferta cultural | J28: 0.15 | K28: Apoyar técnica y financieramente la ejecución del plan de trabajo conjunto de la Red Distrital de Museos | M28: Personas beneficiadas | N28: 6 | O28: 2 | P28: 0.086 | S28: =SUM(O28:R28) -> 2.086 | T28: =+S28/N28 -> 0.34766667 | U28: 46042 | V28: 46387 | W28: =_xlfn.DAYS(V28,U28) -> 345 | AC28: SI | AD28: DOTACION DE INFRAESTRUCTURA | AE28: 186653333 | AF28: CONVENIO | AG28: ESTAMPILLA | AH28: FEBRERO | AI28: 200000000 | AJ28: 200000000 | AK28: =+AI28+AJ28 -> 400000000 | AN28: ESTAMPILLAS PROCULTURA (IPCC) | AP28: 134000000 | AQ28: =AP28/AJ28 -> 0.67 | AR28: 52653333 | AS28: =AR28/AJ28 -> 0.26326667
H29: Aumentar y mejorar la calidad de las estrategias implementadas para consolidar la Red Distrital de bibliotecas y la Red Distrital de museos. | I29: 2. Documentos de planeación | J29: 0.1 | K29: Coordinar la implementación de estrategias del plan de trabajo conjunto de la red de museos distrital | M29: Documentos de planeación realizados | N29: 6 | O29: 2 | P29: 2.1 | S29: =SUM(O29:R29) -> 4.1 | T29: =+S29/N29 -> 0.68333333 | U29: 46042 | V29: 46387 | W29: =_xlfn.DAYS(V29,U29) -> 345 | AA29: • Operacionales: Cambios en los precios de insumos necesarios para el desarrollo de las actividades. | AB29: • Oferta de salarios de acuerdo con las calidades de la mano de obra. | AC29: SI
K30: 6. Diseñar e implementar un plan de trabajo para fortalecer la agenda conjunta de la Red Distrital de museos de Cartagena | N30: 1 | O30: 0.074 | P30: 0.86 | S30: =SUM(O30:R30) -> 0.934 | T30: =+S30/N30 -> 0.934 | U30: 46042 | V30: 46387 | W30: =_xlfn.DAYS(V30,U30) -> 345 | AC30: SI | AD30: DOTACION DE INFRAESTRUCTURA | AE30: 411411453 | AF30: LICITACION PUBLICA | AG30: VENTA DE BIENES Y SERVICIOS | AH30: MARZO | AI30: 770000000 | AJ30: 770000000 | AK30: =+AI30+AJ30 -> 1540000000 | AN30: VENTA DE BIENES Y SERVICIOS TEATRO ADOLFO MEJIA | AP30: 276796659 | AQ30: =AP30/AJ30 -> 0.35947618 | AR30: 134614794 | AS30: =AR30/AI30 -> 0.17482441
K32: Realizar catalogación, sistematización y digitalización del acervo bibliográfico y documental de la Red de Bibliotecas Públicas del Distrito. | N32: 1 | O32: 0.2 | P32: 0.39 | S32: =SUM(O32:R32) -> 0.39 | T32: =+S32/N32 -> 0.39 | U32: 46042 | V32: 46387 | W32: =_xlfn.DAYS(V32,U32) -> 345 | AC32: SI
D33: Formular e implementar un (1) Plan de Fortalecimiento para la Consolidación de la Red de Bibliotecas Distritales | J33: 0.1 | K33: Generar alianzas con actores públicos y privados locales, nacionales e internacionales. | M33: Documentos de planeación realizados | N33: 5 | O33: 20 | P33: 1.074 | S33: =SUM(O33:R33) -> 21.074 | T33: 1 | U33: 46042 | V33: 46387 | W33: =_xlfn.DAYS(V33,U33) -> 345 | AC33: SI | BA33: La programación de cinco (5) alianzas se estableció como una proyección mínima anual. Sin embargo, debido al carácter descentralizado de la Red Distrital de Bibliotecas y al trabajo de la Red Distrital de Museos, durante el primer semestre se generó un número superior de articulaciones con instituciones educativas, universidades, entidades públicas, empresas privadas, fundaciones, organizaciones sociales y comunitarias. Entre los aliados se encuentran el SENA, IDER, DADIS, Universidad de Cartagena, Children International, Fundación Serena del Mar, Cámara de Comercio de Cartagena, Escuela Naval de Cadetes, Museo Nacional de Colombia, instituciones educativas, CDI, consejos comunitarios y organizaciones empresariales y sociales. Una misma entidad puede ser contabilizada en diferentes oportunidades cuando desarrolla alianzas con bibliotecas distintas o cuando las acciones tienen objetivos, territorios y poblaciones beneficiarias diferentes. Por ejemplo, una articulación puede estar dirigida a formación, otra a promoción de lectura, adecuación de infraestructura, emprendimiento, salud, inclusión o programación cultural. En consecuencia, el acumulado refleja veintiuna (21) alianzas o articulaciones desarrolladas y un avance proporcional de 0,074 correspondiente a una gestión adicional en proceso de consolidación. La diferencia frente a la programación evidencia la ampliación de la capacidad de gestión institucional y el fortalecimiento de la oferta cultural y comunitaria en los distintos territorios..
S34: =SUM(O34:R34) -> 0
K35: Implementar espacios de participación, interlocución e Intercambio de experiencias entre bibliotecarios y población beneficiaria | N35: 1 | O35: 2 | P35: 5.82 | S35: =SUM(O35:R35) -> 7.82 | T35: =+S35/N35 -> 7.82 | U35: 46042 | V35: 46387 | W35: =_xlfn.DAYS(V35,U35) -> 345 | AC35: SI | BA35: La programación anual de uno (1) corresponde al compromiso mínimo de implementar un proceso de participación e intercambio de experiencias durante la vigencia. Sin embargo, la estrategia fue replicada en diferentes bibliotecas y comunidades, generando múltiples espacios con fechas, temáticas, participantes y propósitos específicos. Durante el primer semestre se desarrollaron Bibliotecas Humanas, encuentros intergeneracionales, talleres de saberes ancestrales, diálogos comunitarios, actividades de memoria histórica, intercambios gastronómicos, reuniones con líderes y procesos formativos. Estas acciones involucraron a niños, jóvenes, adultos mayores, bibliotecarios, docentes, líderes sociales y portadores de tradición. Una misma biblioteca puede reportar varios espacios cuando se desarrollan actividades independientes con diferentes grupos poblacionales o temáticas. Por esta razón, el acumulado de 7,82 refleja la ejecución de varios espacios culminados y el avance proporcional de otros procesos en desarrollo. La diferencia frente a la programación evidencia la ampliación territorial y la continuidad de la estrategia, fortaleciendo la participación comunitaria, el intercambio de saberes y la apropiación de las bibliotecas como escenarios de encuentro y construcción colectiva..
K36: Diseñar e implementar una agenda cultural y artística conjunta de bibliotecas públicas y comunitarias para la lectura, escritura y oralidad | N36: 1 | O36: 0.074 | P36: 0.49 | S36: =SUM(O36:R36) -> 0.564 | T36: =+S36/N36 -> 0.564 | U36: 46042 | V36: 46387 | W36: =_xlfn.DAYS(V36,U36) -> 345 | AC36: SI
K38: Coordinar la implementación de estrategias para propiciar el aprovechamiento de la infraestructura cultural | N38: 7 | O38: 16 | P38: 0 | S38: =SUM(O38:R38) -> 16 | T38: 1 | U38: 46042 | V38: 46387 | W38: =_xlfn.DAYS(V38,U38) -> 345 | AC38: SI | BA38: La programación anual de siete (7) se estableció como una proyección mínima de estrategias para promover el aprovechamiento de la infraestructura cultural. Sin embargo, durante el primer semestre se amplió la ejecución mediante la implementación de estrategias diferenciadas en la Red Distrital de Bibliotecas, el Teatro Adolfo Mejía y los espacios intervenidos a través del Plan Maestro de Murales. Entre las estrategias desarrolladas se encuentran LEO —Lectura, Escritura y Oralidad—, Formar para Transformar, cineforos, Biblioteca Humana, extensión bibliotecaria, articulación institucional, Teatro en Movimiento, Circuitos Vivos y las intervenciones del Plan Maestro de Murales. Una misma infraestructura puede reportar más de una estrategia cuando estas cuentan con objetivos, actividades, públicos y resultados distintos. Asimismo, una estrategia puede contabilizarse en diferentes espacios cuando su implementación responde a dinámicas territoriales y poblaciones beneficiarias específicas. Por esta razón, el acumulado de dieciséis (16) corresponde al total de implementaciones efectivamente coordinadas hasta junio y no al número de infraestructuras físicas diferentes. La diferencia frente a la programación evidencia la ampliación y diversificación de la oferta cultural, así como un mayor aprovechamiento de los escenarios culturales del Distrito
D39: Implementar estrategias de aprovechamiento en treinta y cuatro (34) espacios culturales (creación, divulgación, producción y difusión) | H39: Mejorar la implementación de estrategias para el aprovechamiento de la infraestructura cultural de la ciudad | I39: 3. Servicio de promoción de actividades culturales | J39: 0.2 | K39: Diseñar e Implementar la Estrategia BarriArte | M39: Eventos de promoción de actividades culturales realizados | N39: 1 | O39: 0 | P39: 0 | S39: =SUM(O39:R39) -> 0 | T39: =+S39/N39 -> 0 | U39: 46042 | V39: 46387 | W39: =_xlfn.DAYS(V39,U39) -> 345 | AC39: SI
K40: Diseñar e implementar el Plan Maestro de Murales | N40: 1 | O40: 1 | P40: 0 | S40: =SUM(O40:R40) -> 1 | T40: =+S40/N40 -> 1 | U40: 46042 | V40: 46387 | W40: =_xlfn.DAYS(V40,U40) -> 345 | AC40: SI
E41: AVANCE PROYECTO Aprovechamiento de la infraestructura cultural existente para la implementación de una agenda cultural articulada y permanente en el distrito | T41: =AVERAGE(T19:T40) -> 1.6618358 | AI41: =SUM(AI19:AI40) -> 1576968129 | AJ41: =SUM(AJ19:AJ40) -> 1576968129 | AP41: =SUM(AP19:AP40) -> 746896659 | AQ41: =+AP41/AJ41 -> 0.47362825 | AR41: =SUM(AR19:AR40) -> 328368127 | AS41: =+AR41/AJ41 -> 0.2082275
A42: Incrementar al 100% el porcentaje de aprovechamiento de la infraestructura cultural | B42: DEMOCRATIZACIÓN DE LA CULTURA: ESTÍMULOS PARA EL FOMENTO Y DESARROLLO ARTÍSTICO, CULTURAL Y CREATIVO | C42: 02-03-02 | D42: Otorgar mil (1.000) estímulos culturales y artísticos | E42: Fortalecimiento de la estrategia de estímulos para el fomento y desarrollo artístico, cultural, creativo e impulso a la economía popular en torno al arte y patrimonio en el Distrito de Cartagena de Indias | F42: 2024130010100 | G42: Fortalecer las estrategias de impulso a la creación artística, cultural y proyectos creativos individuales y/o colectivos de artistas, emprendimientos y/o micronegocios de economía popular en la Ciudad de Cartagena de indias. | H42: Promover el apoyo a los procesos creativos y de fomento artístico y cultural en el Distrito de Cartagena de Indias | I42: 1. Servicio de apoyo financiero al sector artístico y cultural | J42: 0.5 | K42: 1.1. Realizar convocatoria y entrega de mil (1.000) estímulos culturales y artísticos en el Distrito de Cartagena de Indias. | L42: Infancia Adolescencia Adultez Enfoque diferencial | M42: Estímulos otorgados | N42: 250 | O42: 246 | P42: 34 | S42: =SUM(O42:R42) -> 280 | T42: =+S42/N42 -> 1.12 | U42: 46042 | V42: 46387 | W42: =_xlfn.DAYS(V42,U42) -> 345 | AA42: • Operacionales: Cambios en los precios de insumos necesarios para el desarrollo de las actividades. | AB42: • Costeo de insumos necesarios para las actividades con base en precios promedio del mercado | AC42: SI | AD42: CONTRATACION DE PRESTACION DE SERVICIOS | AE42: 738720000 | AF42: CONTRATACION DIRECTA | AG42: ESTAMPILLAS PROCULTURA (IPCC) | AH42: ENERO | AI42: 738720000 | AJ42: 738720000 | AK42: =+AI42+AJ42 -> 1477440000 | AN42: ESTAMPILLAS PROCULTURA (IPCC) | AO42: Fortalecimiento de la estrategia de estímulos para el fomento y desarrollo artístico, cultural, creativo e impulso a la economía popular en torno al arte y patrimonio en el Distrito de Cartagena de Indias | AP42: 402900000 | AQ42: =AP42/AJ42 -> 0.54540286 | AR42: 402900000 | AS42: =AR42/AJ41 -> 0.25549026 | AZ42: ESTIMULO - https://ipccar-my.sharepoint.com/:f:/g/personal/coordinacionplaneacion_ipcc_gov_co/IgDuqEUzh6x3RJmkS17t1UjDAVA8mCIJZucy7pwNSyWzOjw?e=y5FeVP
K43: 1.2. Realizar la operación logística de los eventos, socializaciones y demás actividades relacionadas a la ejecución del proyecto. | N43: 12 | O43: 5 | P43: 0 | S43: =SUM(O43:R43) -> 5 | T43: =+S43/N43 -> 0.41666667 | U43: 46042 | V43: 46387 | W43: =_xlfn.DAYS(V43,U43) -> 345 | AC43: SI | AD43: CONTRATACION DE PRESTACION DE SERVICIOS | AE43: 36000000 | AF43: CONTRATACION DIRECTA | AG43: ESTAMPILLAS PROCULTURA (IPCC) | AH43: ENERO | AI43: 146205000 | AJ43: 146205000 | AK43: =+AI43+AJ43 -> 292410000 | AN43: ESTAMPILLAS PROCULTURA (IPCC) | AP43: 0 | AQ43: =AP43/AJ43 -> 0 | AS43: =AR43/AJ42 -> 0
D44: Otorgar cien (100) estímulos con enfoque diferencial e interseccional | J44: 0.25 | K44: 1.3. Realizar convocatoria y entrega de cien (100) estímulos con enfoque diferencial e interseccional en el Distrito de Cartagena de Indias | M44: Estímulos otorgados | N44: 15 | O44: 1 | P44: 3 | S44: =SUM(O44:R44) -> 4 | T44: =+S44/N44 -> 0.26666667 | U44: 46042 | V44: 46387 | W44: =_xlfn.DAYS(V44,U44) -> 345 | AB44: • Proyección presupuestal con base en plan plurianual de inversiones. | AC44: SI | AD44: ESTIMULOS | AE44: 287668 | AF44: CONVENIO | AG44: SGP | AH44: ENERO | AI44: 92340000 | AJ44: 92340000 | AK44: =+AI44+AJ44 -> 184680000 | AN44: SGP | AP44: 287668 | AQ44: =AP44/AJ44 -> 0.003115313 | AS44: =AR44/AJ43 -> 0
K45: 1.4. Realizar la coordinación, seguimiento, evaluación y gestión de las actividades del proyecto. | N45: 12 | O45: 3 | P45: 3 | S45: =SUM(O45:R45) -> 6 | T45: =+S45/N45 -> 0.5 | U45: 46042 | V45: 46387 | W45: =_xlfn.DAYS(V45,U45) -> 345 | AC45: SI | AD45: ESTIMULOS | AE45: 141592332 | AF45: CONVENIO | AG45: SGP | AH45: ENERO | AI45: 141592332 | AJ45: 141592332 | AK45: =+AI45+AJ45 -> 283184664 | AP45: 141592332 | AQ45: =AP45/AJ45 -> 1 | AS45: =AR45/AJ44 -> 0 | AT45: 268268190 | AU45: 268268190
D46: Crear seis (6) mercados o espacios de circulación para emprendimientos culturales y artísticos | H46: Implementar estrategias de fomento e impulso a los emprendimientos y/o micronegocios de economía popular en la Ciudad de Cartagena de indias. | I46: 2. Servicio de promoción de actividades culturales | J46: 0.15 | K46: 2.1. Crear o gestionar la participación en seis (6) mercados o espacios de circulación para emprendimientos culturales y artísticos. | M46: Eventos de promoción de actividades culturales realizados | N46: 1 | O46: 6 | P46: 10 | S46: =SUM(O46:R46) -> 16 | T46: 1 | U46: 46042 | V46: 46387 | W46: =_xlfn.DAYS(V46,U46) -> 345 | AA46: • Financieros: Cambios en las prioridades de inversión de la administración local. | AB46: • Oferta de salarios de acuerdo con las calidades de la mano de obra. | AC46: SI | AD46: ESTIMULOS | AE46: 184680000 | AF46: CONVENIO | AG46: SGP | AH46: FEBRERO | AI46: 184680000 | AJ46: 184680000 | AK46: =+AI46+AJ46 -> 369360000 | AP46: 184680000 | AQ46: =AP46/AJ46 -> 1 | AS46: =AR46/AJ45 -> 0 | BA46: La programación anual de uno (1) corresponde al proceso institucional de creación y gestión de oportunidades de circulación, dentro del cual se estableció como referencia la participación en seis (6) mercados o espacios. Sin embargo, mediante la gestión adelantada por el IPCC fue posible ampliar este resultado.
K47: 2.2. Promover los emprendimientos culturales y artísticos a través de un plan de mercadeo y gestión de alianzas | N47: 17 | O47: 0 | P47: 0 | S47: =SUM(O47:R47) -> 0 | T47: =+S47/N47 -> 0 | U47: 46042 | V47: 46387 | W47: =_xlfn.DAYS(V47,U47) -> 345 | AC47: SI | AD47: ESTIMULOS | AE47: 92340000 | AF47: CONVENIO | AG47: SGP | AH47: MARZO | AI47: 92340000 | AJ47: 92340000 | AK47: =+AI47+AJ47 -> 184680000 | AP47: 34390000 | AQ47: =AP47/AJ47 -> 0.37242798 | AR47: 26870000 | AS47: =AR47/AJ46 -> 0.14549491
D48: Otorgar ciento cincuenta (150) apoyos financieros para micronegocios de economía popular del sector cultura, artes y patrimonio | I48: 3. Servicio de apoyo financiero para el desarrollo de prácticas artísticas y culturales | J48: 0.1 | K48: 3.1. Realizar convocatoria y entrega de ciento cincuenta (150) apoyos financieros para micronegocios de economía popular del sector cultura, artes y patrimonio | M48: Personas beneficiadas con apoyos del Programa Nacional de Estímulos | N48: 5 | O48: 0 | P48: 0 | S48: =SUM(O48:R48) -> 0 | T48: =+S48/N48 -> 0 | U48: 46042 | V48: 46387 | W48: =_xlfn.DAYS(V48,U48) -> 345 | AA48: • Administrativos: Dificultad para contratar mano de obra calificada. | AB48: • Costeo de insumos necesarios para las actividades con base en precios promedio del mercado | AC48: SI | AI48: 123120000 | AJ48: 123120000 | AK48: =+AI48+AJ48 -> 246240000 | AP48: 0 | AQ48: =AP48/AJ48 -> 0 | AS48: =AR48/AJ47 -> 0
K49: 3.2. Realizar acompañamiento técnico a micronegocios de economía popular del sector cultura incentivados con apoyo financiero | N49: 5 | O49: 0 | P49: 0 | S49: =SUM(O49:R49) -> 0 | T49: =+S49/N49 -> 0 | U49: 46042 | V49: 46387 | W49: =_xlfn.DAYS(V49,U49) -> 345 | AC49: SI | AI49: 30780000 | AJ49: 30780000 | AK49: =+AI49+AJ49 -> 61560000 | AN49: ESTAMPILLAS PROCULTURA (IPCC) | AP49: 0 | AQ49: =AP49/AJ49 -> 0 | AS49: =AR49/AJ48 -> 0
E50: AVANCE PROYECTO Fortalecimiento de la estrategia de estímulos para el fomento y desarrollo artístico, cultural, creativo e impulso a la economía popular en torno al arte y patrimonio en el Distrito de Cartagena de Indias | T50: =AVERAGE(T42:T49) -> 0.41291667 | AI50: =SUM(AI42:AI49) -> 1549777332 | AJ50: =SUM(AJ42:AJ49) -> 1549777332 | AP50: =SUM(AP42:AP49) -> 763850000 | AQ50: =+AP50/AJ50 -> 0.49287726 | AR50: =SUM(AR42:AR49) -> 429770000 | AS50: =+AR50/AJ50 -> 0.27731081
A51: Incrementar al 100% el porcentaje de aprovechamiento de la infraestructura cultural | B51: FORMACIÓN ARTÍSTICA Y CULTURAL | C51: 02-03-03 | D51: Vincular a mil ochocientas (1.800) personas en el programa de Formación Artística y Cultural | E51: Diseño e implementación del Sistema Distrital de Formación Artística y Cultural en el Distrito de Cartagena de Indias | F51: 2024130010113 | G51: Incrementar los niveles de competencias y habilidades artísticas en los actores del ecosistema cultural del distrito de Cartagena | H51: Fortalecer los procesos de formación artística y cultural con enfoque de calidad y excelencia | I51: 1. Servicio de educación informal al sector artístico y cultural | J51: 0.19019644 | K51: 1.1. Elaborar el documento de bases o términos de referencias para las convocatorias de los programas en las diferentes áreas artísticas. | L51: Infancia Adolescencia Adultez Enfoque diferencial | M51: Personas capacitadas | N51: 1 | O51: 1 | P51: 0 | S51: =SUM(O51:R51) -> 1 | T51: =+S51/N51 -> 1 | U51: 46042 | V51: 46387 | W51: =_xlfn.DAYS(V51,U51) -> 345 | AA51: • Administrativos: Dificultad para contratar mano de obra calificada. | AC51: SI | AI51: 0 | AJ51: 0 | AO51: Diseño e implementación del Sistema Distrital de Formación Artística y Cultural en el Distrito de Cartagena de Indias | AZ51: FORMACION - https://ipccar-my.sharepoint.com/:f:/g/personal/coordinacionplaneacion_ipcc_gov_co/IgD9VJqiES7mRpiKzDi2XwdaAYQ0V94RLtwzQF-xC0Veqzc?e=Hb2FXF
K52: 1.2. Capacitar a formadores del sector artístico y cultural | N52: 5 | O52: 0 | P52: 0 | S52: =SUM(O52:R52) -> 0 | T52: =+S52/N52 -> 0 | U52: 46042 | V52: 46387 | W52: =_xlfn.DAYS(V52,U52) -> 345 | AC52: SI | AI52: 0 | AJ52: 0
K53: 1.3. Implementar procesos de formación artística, presencial y/o a distancia con enfoque de calidad y excelencia | N53: 1 | O53: 0 | P53: 0 | S53: =SUM(O53:R53) -> 0 | T53: =+S53/N53 -> 0 | U53: 46042 | V53: 46387 | W53: =_xlfn.DAYS(V53,U53) -> 345 | AC53: SI | AD53: CONTRATACION DE PRESTACION DE SERVICIOS | AE53: 681000000 | AF53: CONTRATACION DIRECTA | AG53: SGP | AH53: ENERO | AI53: 785474902 | AJ53: 785474902 | AK53: 7.9919778e+08 | AP53: 148500000 | AQ53: =AP53/AJ53 -> 0.1890576 | AR53: 43500000 | AS53: =AR53/AJ53 -> 0.055380509 | AT53: 2.5869171e+08 | AU53: 2.5869171e+08
K54: 1.4. Realizar procesos para otorgar becas de formación formal o no formal a artistas, creadores, gestores, hacedores y portadores sobre contenidos artísticos | N54: 5 | O54: 0 | P54: 1 | S54: =SUM(O54:R54) -> 1 | T54: =+S54/N54 -> 0.2 | U54: 46042 | V54: 46387 | W54: =_xlfn.DAYS(V54,U54) -> 345 | AC54: SI | AI54: 0 | AJ54: 0 | AK54: 1.0126882e+08
D55: Crear e implementar un (1) Sistema Distrital de Formación Artística y Cultura | H55: Diseñar e implementar un sistema distrital de formación artística y cultural como herramienta para garantizar la transmisión y preservación de expresiones culturales, de conocimientos y de saberes artísticos | I55: 2. Documentos de lineamientos técnicos realizados | J55: 0.80980356 | K55: 2.1. Diseñar un documento de lineamientos técnicos y metodológicos para el sistema distrital de formación artística y cultural. | M55: Documentos de lineamientos técnicos realizados | N55: 0.25 | O55: 0.15 | P55: 0.12 | S55: =SUM(O55:R55) -> 0.27 | T55: =+S55/N55 -> 1.08 | U55: 46042 | V55: 46387 | W55: =_xlfn.DAYS(V55,U55) -> 345 | AC55: SI | AI55: 0 | AJ55: 0
K56: 2.2. Implemantar un plan piloto de formación artística y cultural en I.E. Públicas de la Ciudad. | N56: 0 | O56: 0 | P56: 0 | S56: =SUM(O56:R56) -> 0 | U56: 46042 | V56: 46387 | W56: =_xlfn.DAYS(V56,U56) -> 345 | AC56: SI | AI56: 0 | AJ56: 0
K57: 2.3. Coordinar el diseño y la implementación del sistema distrital de formación artística y cultural | N57: 12 | O57: 3 | P57: 3 | S57: =SUM(O57:R57) -> 6 | T57: =+S57/N57 -> 0.5 | U57: 46042 | V57: 46387 | W57: =_xlfn.DAYS(V57,U57) -> 345 | AC57: SI | AI57: 132000000 | AJ57: 132000000 | AK57: 132000000 | AQ57: =AP57/AJ57 -> 0
E58: AVANCE PROYECTO DISEÑO E IMPLEMENTACION DEL SISTEMA DISTRITAL DE FORMACION ARTISTICA Y CULTURAL EN EL DIUSTRITO DE CARTAGENA | T58: =AVERAGE(T51:T57) -> 0.46333333 | AI58: =SUM(AI51:AI57) -> 917474902 | AJ58: =SUM(AJ51:AJ57) -> 917474902 | AP58: =SUM(AP51:AP57) -> 148500000 | AQ58: =+AP58/AJ58 -> 0.16185729 | AR58: =SUM(AR51:AR57) -> 43500000 | AS58: =+AR58/AJ58 -> 0.047412741
A59: Incrementar a 95% el porcentaje de cumplimiento del Índice de Desempeño Institucional del Instituto de Patrimonio y Cultura en el marco del Modelo Integrado de Planeación y Gestión (MIPG) | B59: DERECHOS CULTURALES Y FORTALECIMIENTO INSTITUCIONAL PARA LA GOBERNANZA | C59: 02-03-04 | D59: Diseñar e implementar una (1) estrategia de modernización y mejoramiento del desempeño institucional del Instituto de Patrimonio y Cultura | E59: Modernización Institucional para la Gobernanza cultural en Cartagena de Indias | F59: 2024130010105 | G59: Optimizar los instrumentos administrativos y procesos de modernización institucional del sistema de cultura distrital de Cartagena de indias. | H59: Mejorar las estrategias de modernización institucional del IPCC implementadas. | I59: 1. Documentos de planeación | J59: 0.25 | K59: 1.1. Realizar actividades de diseño e implementación de sistemas de gestión y de desempeño institucional en el marco del Modelo Integrado de Planeación y Gestión - MIPG y FURAC | L59: Infancia Adolescencia Adultez Enfoque diferencial | M59: Documentos de planeación realizados | N59: 12 | O59: 3 | P59: 3 | S59: =SUM(O59:R59) -> 6 | T59: =+S59/N59 -> 0.5 | U59: 46042 | V59: 46387 | W59: =_xlfn.DAYS(V59,U59) -> 345 | AC59: SI | AD59: CONTRATACION DE PRESTACION DE SERVICIOS | AE59: 134409033 | AF59: CONTRATACION DIRECTA | AG59: SGP | AH59: ENERO | AI59: 134409033 | AJ59: 134409033 | AK59: 261694567 | AN59: - SGP CULTURA | AO59: Modernización Institucional para la Gobernanza cultural en Cartagena de Indias | AP59: 134409033 | AQ59: =AP59/AJ59 -> 1 | AR59: 72800000 | AS59: =AR59/AJ59 -> 0.54163026 | AT59: 190211193 | AU59: 190211193 | AZ59: MODERNIZACION - https://ipccar-my.sharepoint.com/:f:/g/personal/coordinacionplaneacion_ipcc_gov_co/IgDKSj_62SP0QbsJwxvhgUeQAbpl3eSreSHlX6YmutpZo1E?e=uUPNOW
K60: 1.2. Realizar diseño, gestión de aprobación e implementación de políticas públicas del sector cultural. | N60: 1 | O60: 0 | P60: 0 | S60: =SUM(O60:R60) -> 0 | T60: =+S60/N60 -> 0 | U60: 46042 | V60: 46387 | W60: =_xlfn.DAYS(V60,U60) -> 345 | AC60: SI | AD60: CONTRATACION DE PRESTACION DE SERVICIOS | AE60: 125144992 | AF60: CONTRATACION DIRECTA | AG60: SGP | AH60: ENERO | AI60: 125144992 | AJ60: 125144992 | AK60: 1125144992 | AN60: - SGP CULTURA | AP60: 112440967 | AQ60: =AP60/AJ60 -> 0.89848555
K61: 1.3. Implementación de tecnologías de la información y la comunicación para la gestión misional del IPCC. | N61: 2 | O61: 0.4 | P61: 0.4 | S61: =SUM(O61:R61) -> 0.8 | T61: =+S61/N61 -> 0.4 | U61: 46042 | V61: 46387 | W61: =_xlfn.DAYS(V61,U61) -> 345 | AC61: SI | AI61: 97458648 | AJ61: 97458648 | AK61: 97458648 | AN61: ESTAMPILLAS PROCULTURA (IPCC) | AP61: 0 | AQ61: =AP61/AJ61 -> 0
K62: 1.4. Dotación de mobiliario, equipos, acceso a conectividad y adopción de software de gestión institucional. | N62: 1 | O62: 0 | P62: 0 | S62: =SUM(O62:R62) -> 0 | T62: =+S62/N62 -> 0 | U62: 46042 | V62: 46387 | W62: =_xlfn.DAYS(V62,U62) -> 345 | AA62: • Operacionales: Cambios en los precios de insumos necesarios para el desarrollo de las actividades. | AB62: • Oferta de salarios de acuerdo con las calidades de la mano de obra. | AC62: SI | AD62: FURAC | AE62: 80583644 | AF62: RESOLUCION | AG62: ESTAMPILLAS PROCULTURA (IPCC) | AH62: FEBRERO | AI62: 97458649 | AJ62: 97458649 | AK62: 97458649 | AP62: 0 | AQ62: =AP62/AJ62 -> 0
D63: Diseñar e implementar un (1) plan de fortalecimiento para Sistema Distrital de Cultura y consejos de áreas artísticas | H63: Implementar estrategias de fortalecimiento del Sistema Distrital de Cultura y consejos de área artística | I63: 2. Documentos de lineamientos técnicos | J63: 0.25 | K63: 2.1. Realizar actividades orientadas al diseño e implementación de un plan de fortalecimiento del Sistema Distrital de Cultura. | M63: Documentos de lineamientos técnicos realizados | N63: 1 | O63: 0 | P63: 0 | S63: =SUM(O63:R63) -> 0 | T63: =+S63/N63 -> 0 | U63: 46042 | V63: 46387 | W63: =_xlfn.DAYS(V63,U63) -> 345 | AC63: SI | AD63: FURAC | AE63: 139316356 | AF63: RESOLUCION | AG63: ESTAMPILLAS PROCULTURA (IPCC) | AH63: MARZO | AI63: 139316356 | AJ63: 139316356 | AK63: 139316356 | AP63: 139316356 | AQ63: =AP63/AJ63 -> 1 | AR63: 81700000 | AS63: =AR63/AJ63 -> 0.58643509
K64: 2.2. Apoyar técnica y financieramente los planes de acción de los concejos de área artística. | N64: 1 | O64: 0.3 | P64: 0.3 | S64: =SUM(O64:R64) -> 0.6 | T64: =+S64/N64 -> 0.6 | U64: 46042 | V64: 46387 | W64: =_xlfn.DAYS(V64,U64) -> 345 | AC64: SI | AD64: FURAC | AE64: 100000000 | AF64: RESOLUCION | AG64: ESTAMPILLAS PROCULTURA (IPCC) | AH64: FEBRERO | AI64: 100000000 | AJ64: 100000000 | AK64: 100000000 | AP64: 98883644 | AQ64: =AP64/AJ64 -> 0.98883644
K65: 2.3. Implementar estrategias de ejercicios de gobernanza y apropiación social para el fortalecimiento del ecosistema de las artes, la cultura y el patrimonio. | N65: 1 | O65: 1 | P65: 0 | S65: =SUM(O65:R65) -> 1 | T65: =+S65/N65 -> 1 | U65: 46042 | V65: 46387 | W65: =_xlfn.DAYS(V65,U65) -> 345 | AC65: SI | AD65: CONTRATACION DE PRESTACION DE SERVICIOS | AE65: 60095975 | AF65: CONTRATACION DIRECTA | AG65: SGP | AH65: ENERO | AI65: 87217964 | AJ65: 87217964 | AK65: 87217964 | AN65: SGP/ESTAMPILLA | AP65: 0 | AQ65: =AP65/AJ65 -> 0
E66: AVANCE PROYECTO MODERNIZACION INSTITUCIONAL PARA LA GOBERNANZA CULTURAL EN CARTAGENA DE INDIAS | T66: =AVERAGE(T59:T65) -> 0.35714286 | AI66: =SUM(AI59:AI65) -> 781005642 | AJ66: =SUM(AJ59:AJ65) -> 781005642 | AP66: =SUM(AP59:AP65) -> 485050000 | AQ66: =+AP66/AJ66 -> 0.62105825 | AR66: =SUM(AR59:AR65) -> 154500000 | AS66: =+AR66/AJ66 -> 0.19782187
A67: Incrementar a 95% el porcentaje de cumplimiento del Índice de Desempeño Institucional del Instituto de Patrimonio y Cultura en el marco del Modelo Integrado de Planeación y Gestión (MIPG) | B67: DERECHOS CULTURALES Y FORTALECIMIENTO INSTITUCIONAL PARA LA GOBERNANZA | C67: 02-03-04 | D67: Implementar una (1) Comisión Fílmica de Cartagena de Indias y adquirir un (1) Permiso Unificado de Filmaciones Audiovisuales (PUFAC) | E67: Protección, inclusión y garantía de los derechos culturales para la gobernanza de la cinematografía, medios audiovisuales e interactivos en el Distrito de Cartagena de Indias | F67: 202400000005227 | G67: Fortalecer la capacidad institucional del Distrito de Cartagena con buenas prácticas en garantía de derechos culturales, esquemas de gobernanza eficientes y cobertura a escenarios de innovación como la cinematografía y medios audiovisuales | H67: Fortalecer la gestión de las instancias del Sistema Distrital de Cultura SDC en favor de acciones coordinadas para el desarrollo de la política patrimonial, cultural e inserción en la industria cinematográfica,medios audiovisuales e interactivos en Cartagena | I67: 1. Documentos normativos | J67: 0.3 | K67: 1.1. Realizar la implementación de una (1) Comisión Fílmica de Cartagena de Indias y adquirir un (1) Permiso Unificado de Filmaciones Audiovisuales (PUFAC) | L67: Infancia Adolescencia Adultez Enfoque diferencial | M67: Documentos normativos realizados | N67: 1 | O67: 0.0417 | P67: 0.3753 | S67: =SUM(O67:R67) -> 0.417 | T67: =+S67/N67 -> 0.417 | U67: 46042 | V67: 46387 | W67: =_xlfn.DAYS(V67,U67) -> 345 | AA67: • Financieros: Cambios en las prioridades de inversión de la administración local. | AC67: SI | AD67: CONTRATACION DE PRESTACION DE SERVICIOS | AE67: 65000000 | AF67: CONTRATACION DIRECTA | AG67: ESTAMPILLAS PROCULTURA (IPCC) | AH67: ENERO | AI67: 65000000 | AJ67: 65000000 | AK67: 65000000 | AN67: ESTAMPILLAS PROCULTURA (IPCC) | AP67: 65000000 | AQ67: =AP67/AJ67 -> 1 | AR67: 36000000 | AS67: =AR67/AJ67 -> 0.55384615 | AT67: =+AR67 -> 36000000 | AU67: =+AT67 -> 36000000 | AZ67: CINE - https://ipccar-my.sharepoint.com/:f:/g/personal/coordinacionplaneacion_ipcc_gov_co/IgAHfD9_LXvIRJBeIs7vkHILAdFUsczRIttVppadu7U0r1s?e=C814Lt
K68: 1.2. Realizar la coordinación de la comisión fílmica y la cinemateca de Cartagena como estrategia de buenas prácticas en Cartagena de Indias | N68: 12 | O68: 3 | P68: 3 | S68: =SUM(O68:R68) -> 6 | T68: =+S68/N68 -> 0.5 | U68: 46042 | V68: 46387 | W68: =_xlfn.DAYS(V68,U68) -> 345 | AC68: SI | AD68: CONTRATACION DE PRESTACION DE SERVICIOS | AE68: 35000000 | AF68: CONTRATACION DIRECTA | AG68: ESTAMPILLAS PROCULTURA (IPCC) | AH68: ENERO | AI68: 35000000 | AJ68: 35000000 | AK68: 35000000 | AP68: 35000000 | AQ68: =AP68/AJ68 -> 1 | AR68: 0
C69: 02-03-04 | D69: Formular e implementar una (1) Política Pública Distrital de Cinematografía, Medios Audiovisuales e Interactivos | I69: 2. Documentos de planeación | J69: 0.1 | K69: 2.1. Realizar la formulación de la política pública Distrital de cinematografía, medios audiovisuales e interactivos | M69: Documentos de planeación realizados | N69: 1 | O69: 0 | P69: 0.053 | S69: =SUM(O69:R69) -> 0.053 | T69: =+S69/N69 -> 0.053 | U69: 46042 | V69: 46387 | W69: =_xlfn.DAYS(V69,U69) -> 345 | AA69: • Administrativos: Dificultad para contratar mano de obra calificada. | AC69: SI | AD69: CONTRATACION DE PRESTACION DE SERVICIOS | AE69: 30000000 | AF69: CONTRATACION DIRECTA | AG69: ESTAMPILLAS PROCULTURA (IPCC) | AH69: ENERO | AI69: 30000000 | AJ69: 30000000 | AK69: 30000000 | AP69: 8000000 | AQ69: =AP69/AJ69 -> 0.26666667
K70: 2.2. Desarrollar acciones de implementación de la Política Pública Distrital de cinematografía, medios audiovisuales e interactivos del Distrito de Cartagena de Indias | N70: 1 | O70: 0 | P70: 0 | S70: =SUM(O70:R70) -> 0 | T70: =+S70/N70 -> 0 | U70: 46042 | V70: 46387 | W70: =_xlfn.DAYS(V70,U70) -> 345 | AC70: SI | AD70: CONTRATACION DE PRESTACION DE SERVICIOS | AE70: 12000000 | AF70: CONTRATACION DIRECTA | AG70: ESTAMPILLAS PROCULTURA (IPCC) | AH70: ENERO | AI70: 12000000 | AJ70: 12000000 | AK70: 12000000 | AP70: 0 | AQ70: =AP70/AJ70 -> 0
K71: 2.3. Realizar logística para el desarrollo de los espacios participativos de construcción de la Política pública Distrital de cinematografía, medios audiovisuales e interactivos en Cartagena de Indias | N71: 15 | O71: 1 | P71: 0 | S71: =SUM(O71:R71) -> 1 | T71: =+S71/N71 -> 0.066666667 | U71: 46042 | V71: 46387 | W71: =_xlfn.DAYS(V71,U71) -> 345 | AA71: • Administrativos: Dificultad para contratar mano de obra calificada. | AC71: SI | AD71: CONTRATACION DE PRESTACION DE SERVICIOS | AE71: 2000000 | AF71: CONTRATACION DIRECTA | AG71: ESTAMPILLAS PROCULTURA (IPCC) | AH71: ENERO | AI71: 5000000 | AJ71: 5000000 | AK71: 5000000 | AP71: 0 | AQ71: =AP71/AJ71 -> 0
K72: 2.4. Realizar socialización de documento final de Política Pública Distrital de cinematografía, medios audiovisuales e interactivos en Cartagena de Indias | N72: 9 | O72: 1 | P72: 0 | S72: =SUM(O72:R72) -> 1 | T72: =+S72/N72 -> 0.11111111 | U72: 46042 | V72: 46387 | W72: =_xlfn.DAYS(V72,U72) -> 345 | AC72: SI | AI72: 3000000 | AJ72: 3000000 | AK72: 3000000 | AP72: 0 | AQ72: =AP72/AJ72 -> 0
C73: 02-03-04 | D73: Construir una (1) Cinemateca de Cartagena de Indias | H73: Promover las herramientas técnicas para la gestión de buenas prácticas en la garantía de derechos culturales conesquemas de gobernanza eficientes y cobertura a escenarios de innovación como la cinematografía y medios audiovisuales | I73: 3. Centros culturales construidos | J73: 0.1 | K73: 3.1. Realizar los estudios y diseños para la construcción de una cinemateca en Cartagena de Indias | M73: Centros culturales construidos | N73: 1 | O73: 0.02 | P73: 0 | S73: =SUM(O73:R73) -> 0.02 | T73: =+S73/N73 -> 0.02 | U73: 46042 | V73: 46387 | W73: =_xlfn.DAYS(V73,U73) -> 345 | AB73: • Costeo de insumos necesarios para las actividades con base en precios promedio del mercado | AC73: SI | AI73: 0 | AJ73: 0 | AK73: 0 | AP73: 0 | AQ73: 0
K74: 3.2. Realizar obras de construcción de una (1) cinemateca en Cartagena de Indias | N74: 1 | O74: 0 | P74: 0 | S74: =SUM(O74:R74) -> 0 | T74: =+S74/N74 -> 0 | U74: 46042 | V74: 46387 | W74: =_xlfn.DAYS(V74,U74) -> 345 | AC74: SI | AI74: 0 | AJ74: 0 | AK74: 0 | AP74: 0 | AQ74: 0
K75: 3.3. Realizar interventoría técnica, administrativa y financiera | N75: 10 | O75: 0 | P75: 0 | S75: =SUM(O75:R75) -> 0 | T75: =+S75/N75 -> 0 | U75: 46042 | V75: 46387 | W75: =_xlfn.DAYS(V75,U75) -> 345 | AB75: • Proyección presupuestal con base en plan plurianual de inversiones. | AC75: SI | AI75: 0 | AJ75: 0 | AK75: 0 | AP75: 0 | AQ75: 0
K76: 3.4. Realizar la gerencia técnica de la construcción de una cinemateca en Cartagena de Indias | N76: 18 | O76: 0 | P76: 0 | S76: =SUM(O76:R76) -> 0 | T76: =+S76/N76 -> 0 | U76: 46042 | V76: 46387 | W76: =_xlfn.DAYS(V76,U76) -> 345 | AC76: SI | AI76: 0 | AJ76: 0 | AK76: 0 | AP76: 0 | AQ76: 0
E77: AVANCE PROYECTO Protección, inclusión y garantía de los derechos culturales para la gobernanza de la cinematografía, medios audiovisuales e interactivos en el Distrito de Cartagena de Indias | T77: =AVERAGE(T67:T76) -> 0.11677778 | AI77: =SUM(AI67:AI76) -> 150000000 | AJ77: =SUM(AJ67:AJ76) -> 150000000 | AP77: =SUM(AP67:AP76) -> 108000000 | AQ77: =AP77/AJ77 -> 0.72 | AR77: 0 | AS77: =SUM(AS67:AS76) -> 0.55384615 | AT77: 0
A78: Incrementar a 95% el porcentaje de cumplimiento del Índice de Desempeño Institucional del Instituto de Patrimonio y Cultura en el marco del Modelo Integrado de Planeación y Gestión (MIPG) | B78: CARTAGENA BRILLA CON SU CULTURA Y PATRIMONIO MATERIAL E INMATERIAL | C78: 02-03-05 | D78: Implementar y desarrollar dieciséis (16) festivales, fiestas y festejos para promoción del patrimonio inmaterial | E78: Protección , gestión y salvaguarda del patrimonio material e inmaterial del distrito turístico y cultural de Cartagena de Indias | F78: 2024130010114 | G78: Promover el patrimonio material e inmaterial de Cartagena, reconociendo sus conexiones culturales e históricas con el Caribe, en su diversidad de manifestaciones, saberes e identidades. | H78: Fomentar la apropiación social y divulgación de las practicas significativas del patrimonio cultural inmaterial. | I78: 1. Servicio de promoción de actividades culturales | J78: 0.35 | K78: 1.1. Organizar y coordinar festivales, fiestas y festejos propios de las manifestaciones culturales para promoción del patrimonio inmaterial | L78: Infancia Adolescencia Adultez Enfoque diferencial | M78: Eventos de promoción de actividades culturales realizados | N78: 4 | O78: 2 | P78: 14 | S78: =SUM(O78:R78) -> 16 | T78: =+S78/N78 -> 4 | U78: 46042 | V78: 46387 | W78: =_xlfn.DAYS(V78,U78) -> 345 | AB78: • Oferta de salarios de acuerdo con las calidades de la mano de obra. | AC78: SI | AD78: CONTRATACION DE PRESTACION DE SERVICIOS | AE78: 2.1068293e+08 | AF78: CONTRATACION DIRECTA | AG78: - RF IPCC | AH78: ENERO | AI78: 264717724 | AJ78: 264717724 | AK78: =+AI78+AJ78 -> 529435448 | AN78: SGO | AO78: Protección , gestión y salvaguarda del patrimonio material e inmaterial del distrito turístico y cultural de Cartagena de Indias | AP78: 264717724 | AQ78: =AP78/AJ78 -> 1 | AZ78: CARTAGENA BRILLA (PATRIMONIO) - https://ipccar-my.sharepoint.com/:f:/g/personal/coordinacionplaneacion_ipcc_gov_co/IgB1Xnwj0RPDR5Z_WijTkxNqAYfT_Ic9ipqtXyim7wrirxk?e=m3nYd9
K79: 1.2. Realizar la operación logística de los festivales, fiestas y festejos propios de las manifestaciones culturales para promoción del patrimonio inmaterial. | N79: 4 | O79: 2 | P79: 14 | S79: =SUM(O79:R79) -> 16 | T79: =+S79/N79 -> 4 | U79: 46042 | V79: 46387 | W79: =_xlfn.DAYS(V79,U79) -> 345 | AC79: SI | AD79: FESTIVALES | AE79: 1876140108 | AF79: - SGP CULTURA | AG79: - SGP CULTURA | AH79: FEBRERO | AI79: 1876140108 | AJ79: 1876140108 | AK79: =+AI79+AJ79 -> 3752280216 | AP79: 1876140108 | AQ79: =AP79/AJ79 -> 1 | AR79: 1.1120876e+09 | AS79: =AR79/AJ79 -> 0.59275296 | AT79: 1856163744 | AU79: 1856163744
D80: Diseñar e implementar cuatro (4) estrategias para la preservación y protección de las tradiciones técnicas, costumbres y saberes propias de la cultura cartagenera (cultura alimentaria de las matronas, artesanía, tradición oral, entre otras) | J80: 0.15 | K80: 1.3. Apoyar, fomentar y divulgar experiencias culturales de turismo sostenible para el desarrollo económico y el mejoramiento de la calidad de vida de los hacedores del sector. | M80: Eventos de promoción de actividades culturales realizados | N80: 1 | O80: 0.2 | P80: 0.505 | S80: =SUM(O80:R80) -> 0.705 | T80: =+S80/N80 -> 0.705 | U80: 46042 | V80: 46387 | W80: =_xlfn.DAYS(V80,U80) -> 345 | AA80: • Administrativos: Dificultad para contratar mano de obra calificada. | AB80: • Costeo de insumos necesarios para las actividades con base en precios promedio del mercado | AC80: SI | AD80: FESTIVALES | AE80: 100000000 | AF80: - SGP CULTURA | AG80: - SGP CULTURA | AH80: FEBRERO | AI80: 100000000 | AJ80: 100000000 | AK80: =+AI80+AJ80 -> 200000000 | AP80: 100000000 | AQ80: =AP80/AJ80 -> 1
K81: 1.4. Diseñar e implementar estrategias para la preservación y protección de las tradiciones, técnicas, costumbres, saberes y otras practicas significativas del territorio aplicando el enfoque diferencial y comunitario. | N81: 1 | O81: 0.1 | P81: 0.505 | S81: =SUM(O81:R81) -> 0.605 | T81: =+S81/N81 -> 0.605 | U81: 46042 | V81: 46387 | W81: =_xlfn.DAYS(V81,U81) -> 345 | AC81: SI | AD81: FESTIVALES | AE81: 70000000 | AF81: - SGP CULTURA | AG81: - SGP CULTURA | AH81: FEBRERO | AI81: 70000000 | AJ81: 70000000 | AK81: =+AI81+AJ81 -> 140000000 | AP81: 70000000 | AQ81: =AP81/AJ81 -> 1
D82: Impulsar anualmente el desarrollo de un (1) Festival de Música del Caribe | I82: 2. Servicio de apoyo financiero al sector artístico y cultural | J82: 0.3 | K82: 2.1. Realizar acompañamiento a la organización y ejecución del Festival de Musica del Caribe. | M82: Estímulos otorgados | N82: 1 | O82: 0 | P82: 0 | S82: =SUM(O82:R82) -> 0 | T82: =+S82/N82 -> 0 | U82: 46042 | V82: 46387 | W82: =_xlfn.DAYS(V82,U82) -> 345 | AA82: • Administrativos: Dificultad para contratar mano de obra calificada. | AC82: SI | AG82: - SGP CULTURA | AI82: 0 | AJ82: 0 | AK82: =+AI82+AJ82 -> 0 | AP82: 0 | AQ82: 0
K83: 2.2. Brindar apoyo financiero y de operación logística al Festival de Música del Caribe. | N83: 1 | O83: 0 | P83: 0 | S83: =SUM(O83:R83) -> 0 | T83: =+S83/N83 -> 0 | U83: 46042 | V83: 46387 | W83: =_xlfn.DAYS(V83,U83) -> 345 | AC83: SI | AG83: - SGP CULTURA | AI83: 0 | AJ83: 0 | AK83: =+AI83+AJ83 -> 0 | AP83: 0 | AQ83: 0
D84: Elaborar un (1) inventario del patrimonio cultural material e inmaterial de Cartagena | I84: 3. Documentos de lineamientos técnicos | J84: 0.1 | K84: 3.1. Elaborar un (1) inventario del patrimonio cultural material e inmaterial de Cartagena | M84: Documentos de lineamientos técnicos realizados | N84: 1 | O84: 0.02 | P84: 0.02 | S84: =SUM(O84:R84) -> 0.04 | T84: =+S84/N84 -> 0.04 | U84: 46042 | V84: 46387 | W84: =_xlfn.DAYS(V84,U84) -> 345 | AA84: • Administrativos: Dificultad para contratar mano de obra calificada. | AC84: SI | AE84: 500000000 | AF84: CONTRATACION DIRECTA | AH84: ENERO | AI84: 500000000 | AJ84: 500000000 | AK84: =+AI84+AJ84 -> 1000000000 | AP84: 2.5287759e+08 | AQ84: =AP84/AJ84 -> 0.50575519
H85: Incrementar el uso de herramientas y metodologías para la gestión del conocimiento del patrimonio cultural material e inmaterial del Distrito de Cartagena de Indias | K85: 3.2. Coordinar acciones para la la elaboración, validación y presentación del inventario del patrimonio material e inmaterial de Cartagena. | N85: 1 | O85: 0.02 | P85: 0.02 | S85: =SUM(O85:R85) -> 0.04 | T85: =+S85/N85 -> 0.04 | U85: 46042 | V85: 46387 | W85: =_xlfn.DAYS(V85,U85) -> 345 | AC85: SI | AD85: CONTRATACION DE PRESTACION DE SERVICIOS | AE85: 100000000 | AF85: CONTRATACION DIRECTA | AH85: ENERO | AI85: 100000000 | AJ85: 100000000 | AK85: =+AI85+AJ85 -> 200000000 | AQ85: =AP85/AJ85 -> 0
D86: Elaborar e implementar un (1) Plan Maestro para el cuidado, conservación y apropiación social del patrimonio material | H86: Fortalecer la orientación, salvaguarda, valoración, cuidado y control del patrimonio material en el Distrito de Cartagena de Indias | I86: 4. Documentos de planeación | J86: 0.1 | K86: Implementar una estrategia integral de comunicaciones para la difusión y divulgación del patrimonio cultural material e inmaterial en clave de su apropiación social | M86: Documentos de planeación realizados | N86: 1 | O86: 0 | P86: 0 | S86: =SUM(O86:R86) -> 0 | T86: =+S86/N86 -> 0 | U86: 46042 | V86: 46387 | W86: =_xlfn.DAYS(V86,U86) -> 345 | AA86: • Administrativos: Dificultad para contratar mano de obra calificada. | AC86: SI | AD86: CONTRATACION DE PRESTACION DE SERVICIOS | AE86: 30000000 | AF86: CONTRATACION DIRECTA | AH86: ENERO | AI86: 30000000 | AJ86: 30000000 | AK86: =+AI86+AJ86 -> 60000000 | AQ86: =AP86/AJ86 -> 0
K87: 4.1. Elaborar e implementar un Plan Maestro para el cuidado, conservación y apropiación social del patrimonio material. | N87: 1 | O87: 0.6 | P87: 0.03 | S87: =SUM(O87:R87) -> 0.63 | T87: =+S87/N87 -> 0.63 | U87: 46042 | V87: 46387 | W87: =_xlfn.DAYS(V87,U87) -> 345 | AA87: • Operacionales: Cambios en los precios de insumos necesarios para el desarrollo de las actividades. | AC87: SI | AD87: CONTRATACION DE PRESTACION DE SERVICIOS | AE87: 150000000 | AF87: CONTRATACION DIRECTA | AH87: ENERO | AI87: 150000000 | AJ87: 150000000 | AK87: =+AI87+AJ87 -> 300000000 | AQ87: =AP87/AJ87 -> 0
K88: 4.2. Realizar la coordinación y gestión de las acciones y estrategias para la orientación, salvaguarda, valoración, cuidado y control del patrimonio material. | N88: 1 | O88: 0.6 | P88: 0.03 | S88: =SUM(O88:R88) -> 0.63 | T88: =+S88/N88 -> 0.63 | U88: 46042 | V88: 46387 | W88: =_xlfn.DAYS(V88,U88) -> 345 | AC88: SI | AD88: CONTRATACION DE PRESTACION DE SERVICIOS | AE88: 100000000 | AF88: CONTRATACION DIRECTA | AH88: ENERO | AI88: 100000000 | AJ88: 100000000 | AK88: =+AI88+AJ88 -> 200000000 | AQ88: =AP88/AJ88 -> 0
K89: 4.3. Diseñar e implementar estrategias para el cuidado, conservación, puesta en valor y apropiación social del patrimonio material. | N89: 1 | O89: 0.6 | P89: 0.03 | S89: =SUM(O89:R89) -> 0.63 | T89: =+S89/N89 -> 0.63 | U89: 46042 | V89: 46387 | W89: =_xlfn.DAYS(V89,U89) -> 345 | AC89: SI | AD89: CONTRATACION DE PRESTACION DE SERVICIOS | AE89: 50000000 | AF89: CONTRATACION DIRECTA | AH89: ENERO | AI89: 50000000 | AJ89: 50000000 | AK89: =+AI89+AJ89 -> 100000000 | AQ89: =AP89/AJ89 -> 0
K90: 4.4. Realizar acciones de seguimiento, control, monitoreo, verificación, supervisión y asesoría a los bienes inmuebles del centro histórico y su área de influencia para la preservación del patrimonio material inmueble. | N90: 1 | O90: 0.15 | P90: 0.7 | S90: =SUM(O90:R90) -> 0.85 | T90: =+S90/N90 -> 0.85 | U90: 46042 | V90: 46387 | W90: =_xlfn.DAYS(V90,U90) -> 345 | AC90: SI | AI90: 300000000 | AJ90: 300000000 | AK90: =+AI90+AJ90 -> 600000000 | AQ90: =AP90/AJ90 -> 0
E91: AVANCE PROYECTO Protección , gestión y salvaguarda del patrimonio material e inmaterial del distrito turístico y cultural de Cartagena de Indias | T91: =AVERAGE(T78:T90) -> 0.93307692 | AI91: =SUM(AI78:AI90) -> 3540857832 | AJ91: =SUM(AJ78:AJ90) -> 3540857832 | AP91: =SUM(AP78:AP90) -> 2.5637354e+09 | AQ91: =+AP91/AJ91 -> 0.72404359 | AR91: =SUM(AR78:AR90) -> 1.1120876e+09 | AS91: =+AR91/AJ91 -> 0.31407293
B92: DESARROLLO LOCAL SOSTENIBLE Y PROSPERIDAD COLECTIVA EN LOS TERRITORIOS DE LAS COMUNIDADES NEGRAS DEL DISTRITO DE CARTAGENA | C92: 06-01-01 | D92: Crear e implementar un (1) Programa de Salvaguarda y Recuperación de los Bienes de Interés de Cultural de los Territorios negros, afrocolombiano, raizales y palenqueros | E92: Conservación y recuperación de los Bienes de Interés Cultural de los territorios NARP en Cartagena de Indias. Cartagena de Indias | F92: 202500000005545 | G92: Mejorar los procesos de conservación de los Bienes de Interés Cultural de los territorios negros, afrocolombianos, raizales y palenqueros en Cartagena de Indias. | H92: Aumentar y mejorar las acciones para la conservación, puesta en valor y apropiación social del patrimonio material e inmaterial de los territorios negros, afrocolombianos, raizales y palenqueros en Cartagena de Indias. | I92: 1. Documentos de planeación | J92: 1 | K92: " Realizar un diagnóstico e inventario de los Bienes de Interés Cultural (BIC) de los territorios negros, afrocolombianos, raizales y palenqueros. | L92: " | N92: 1 | O92: 0 | P92: 0 | S92: =SUM(O92:R92) -> 0 | T92: =+S92/N92 -> 0 | U92: 46042 | V92: 46387 | W92: =_xlfn.DAYS(V92,U92) -> 345 | AC92: SI | AI92: 500000 | AJ92: 500000 | AN92: - SGP CULTURA | AO92: Conservación y recuperación de los Bienes de Interés Cultural de los territorios NARP en Cartagena de Indias. Cartagena de Indias | AP92: 0 | AT92: 0 | AU92: 0 | AZ92: NEGRITUDES (AFRO) - https://ipccar-my.sharepoint.com/:f:/g/personal/coordinacionplaneacion_ipcc_gov_co/IgDtj3NbYdnESbbn0aXs-SwcASE6i2msLfNeKGEXZtzALr4?e=nN5BkX
K93: Diseñar un programa para la salvaguarda y recuperación de los Bienes de Interés Cultural (BIC) de los territorios negros, afrocolombianos, raizales y palenqueros. | N93: 1 | O93: 0 | P93: 0 | S93: =SUM(O93:R93) -> 0 | T93: =+S93/N93 -> 0 | U93: 46042 | V93: 46387 | W93: =_xlfn.DAYS(V93,U93) -> 345 | AB93: • Oferta de salarios de acuerdo con las calidades de la mano de obra. | AC93: SI | AI93: 12500000 | AJ93: 12500000 | AN93: ESTAMPILLAS PROCULTURA (IPCC)
K94: Coordinar acciones para la concertación y la validación de la estrategia para la conservación y recuperación de los Bienes de Interés Cultural (BIC) de los territorios negros, afrocolombianos, raizales y palenqueros. | N94: 1 | O94: 0 | P94: 0 | S94: =SUM(O94:R94) -> 0 | T94: =+S94/N94 -> 0 | U94: 46042 | V94: 46387 | W94: =_xlfn.DAYS(V94,U94) -> 345 | AC94: SI | AI94: 2000000 | AJ94: 2000000
K95: Generar alianzas con actores públicos y privados locales, nacionales e internacionales. | N95: 1 | O95: 0 | P95: 0 | S95: =SUM(O95:R95) -> 0 | T95: =+S95/N95 -> 0 | AI95: 1000000 | AJ95: 1000000
K96: Realizar las intervenciones para la conservación y recuperación de los BIC priorizados en territorios NARP. | N96: 1 | O96: 0 | P96: 0 | S96: =SUM(O96:R96) -> 0 | T96: =+S96/N96 -> 0 | U96: 46042 | V96: 46387 | W96: =_xlfn.DAYS(V96,U96) -> 345 | AC96: SI | AI96: 4000000 | AJ96: 4000000
E97: AVANCE PROYECTO Conservación y recuperación de los Bienes de Interés Cultural de los territorios NARP en Cartagena de Indias. Cartagena de Indias | T97: =AVERAGE(T92:T96) -> 0 | AI97: =SUM(AI92:AI96) -> 20000000 | AJ97: =SUM(AJ92:AJ96) -> 20000000 | AP97: =SUM(AP92) -> 0 | AQ97: 0 | AR97: =SUM(AR92) -> 0 | AS97: 0
B98: ATENCIÓN INTEGRAL PARA LAS COMUNIDADES INDÍGENAS | C98: 06-02-01 | D98: Crear e implementar un (1) programa de protección, divulgación, preservación y salvaguarda de las prácticas, costumbres y saberes ancestrales de los pueblos originarios de los 6 Cabildos Indígenas presentes en el Distrito | E98: Implementación de una estrategia para la protección, divulgación, preservación y salvaguarda de las prácticas, costumbres y saberes ancestrales de los pueblos originarios de los cabildos indígenas presentes en el Distrito de Cartagena de Indias | F98: 202500000005498 | G98: Fortalecer las acciones para la atención integral del pueblo indígena en la protección, divulgación, preservación y salvaguarda de las prácticas, costumbres y saberes ancestrales en el Distrito de Cartagena de Indias | H98: Desarrollar acciones para la conservación, puesta en valor y apropiación social del patrimonio material e inmaterial asociadas a las practicas, costumbres y saberes ancestrales de los pueblos indígenas asentados en el Distrito de Cartagena | I98: 1. Número de procesos de salvaguardia efectiva del patrimonio inmaterial | J98: 1 | K98: Diseñar e implementar estrategias para la preservación y protección de las tradiciones, técnicas, costumbres, saberes y otras prácticas significativas del territorio aplicando el enfoque diferencial y comunitario. | M98: Eventos de promoción de actividades culturales realizados | N98: 1 | O98: 0.1 | P98: 0.1 | S98: =SUM(O98:R98) -> 0.2 | T98: =+S98/N98 -> 0.2 | U98: 46042 | V98: 46387 | W98: =_xlfn.DAYS(V98,U98) -> 345 | AC98: SI | AI98: 1000000 | AJ98: 1000000 | AO98: Implementación de una estrategia para la protección, divulgación, preservación y salvaguarda de las prácticas, costumbres y saberes ancestrales de los pueblos originarios de los cabildos indígenas presentes en el Distrito de Cartagena de Indias | AT98: 0 | AU98: 0 | AZ98: INDIGENA - https://ipccar-my.sharepoint.com/:f:/g/personal/coordinacionplaneacion_ipcc_gov_co/IgDkQtOnBFQYQYEibRFh6DDKAYhEt20WiOY-H9BGC_L0CiE?e=YaZzlQ
K99: Organizar y coordinar la implementación de estrategias para la preservación y protección del patrimonio inmaterial de los pueblos indígenas. | M99: Servicio | N99: 1 | O99: 0.1 | P99: 0 | S99: =SUM(O99:R99) -> 0.1 | T99: =+S99/N99 -> 0.1 | U99: 46042 | V99: 46387 | W99: =_xlfn.DAYS(V99,U99) -> 345 | AC99: SI | AI99: 2500000 | AJ99: 2500000
K100: Elaborar un (1) inventario del patrimonio cultural inmaterial de los pueblos indígenas presentes en la ciudad de Cartagena. | M100: Servicio | N100: 1 | O100: 0.1 | P100: 0.1 | S100: =SUM(O100:R100) -> 0.2 | T100: =+S100/N100 -> 0.2 | U100: 46042 | V100: 46387 | W100: =_xlfn.DAYS(V100,U100) -> 345 | AC100: SI | AI100: 13500000 | AJ100: 13500000
K101: Generar alianzas con actores públicos y privados locales, nacionales e internacionales | M101: Servicio | N101: 1 | O101: 0 | P101: 0 | S101: =SUM(O101:R101) -> 0 | T101: =+S101/N101 -> 0 | U101: 46042 | V101: 46387 | W101: =_xlfn.DAYS(V101,U101) -> 345 | AC101: SI | AI101: 1000000 | AJ101: 1000000
K102: Implementar una estrategia integral para la concertación, promoción y divulgación del patrimonio cultural inmaterial de las comunidades indígenas en clave de su apropiación social. | M102: Servicio | N102: 1 | O102: 0.1 | P102: 0.1 | S102: =SUM(O102:R102) -> 0.2 | T102: =+S102/N102 -> 0.2 | U102: 46042 | V102: 46387 | W102: =_xlfn.DAYS(V102,U102) -> 345 | AC102: SI | AI102: 2000000 | AJ102: 2000000
E103: AVANCE PROYECTO Implementación de una estrategia para la protección, divulgación, preservación y salvaguarda de las prácticas, costumbres y saberes ancestrales de los pueblos originarios de los cabildos indígenas presentes en el Distrito de Cartagena de Indias | T103: =AVERAGE(T98:T102) -> 0.14 | AI103: =SUM(AI98:AI102) -> 20000000 | AJ103: =SUM(AJ98:AJ102) -> 20000000
E104: AVANCE PLAN DE ACCION IPCC JUNIO 2026 | T104: =AVERAGE(T18,T41,T50,T58,T66,T77,T91,T97,T103) -> 0.53082122 | AF104: AVANCE PRESUPUESTAL IPCC MARZO 2026 | AI104: =SUM(AI18+AI41+AI50+AI58+AI66+AI77+AI91+AI97+AI103) -> 10249611292 | AJ104: =SUM(AJ18+AJ41+AJ50+AJ58+AJ66+AJ77+AJ91+AJ97+AJ103) -> 10249611292 | AK104: =SUM(AK41+AK50+AK58+AK66+AK77+AK91+AK97+AK103) -> 0 | AL104: =SUM(AL41+AL50+AL58+AL66+AL77+AL91+AL97+AL103) -> 0 | AM104: =SUM(AM41+AM50+AM58+AM66+AM77+AM91+AM97+AM103) -> 0 | AP104: =SUM(AP18+AP41+AP50+AP58+AP66+AP77+AP91+AP97+AP103) -> 4.9541321e+09 | AQ104: =+AP104/AJ104 -> 0.48334829 | AR104: =SUM(AR18+AR41+AR50+AR58+AR66+AR77+AR91+AR97+AR103) -> 2.0965257e+09 | AS104: =+AR104/AJ104 -> 0.20454685 | AT104: =SUM(AT18+AT41+AT50+AT58+AT66+AT77+AT91+AT97+AT103) -> 2.3823658e+09 | AU104: =SUM(AU18+AU41+AU50+AU58+AU66+AU77+AU91+AU97+AU103) -> 2.3823658e+09 | AV104: =SUM(AV18+AV41+AV50+AV58+AV66+AV77+AV91+AV97+AV103) -> 0 | AW104: =SUM(AW18+AW41+AW50+AW58+AW66+AW77+AW91+AW97+AW103) -> 0 | AX104: =SUM(AX18+AX41+AX50+AX58+AX66+AX77+AX91+AX97+AX103) -> 0 | AY104: =SUM(AY18+AY41+AY50+AY58+AY66+AY77+AY91+AY97+AY103) -> 0

Sheet Hoja1
B2: Avance Plan de acción Institucional a corte dic 30 | C2: =+'1. ESTRATÉGICO'!AE43 -> 0.60694756
B3: Avance Plan de Desarrollo al Cuatrienio | C3: =+'1. ESTRATÉGICO'!AF43 -> 0.78690508
B4: Ejecución Proyectos IPCC a dic 30 | C4: =+#REF! -> #REF!
B5: Ejecución Presupuestal Según Compromisos | C5: =+#REF! -> #REF!
B6: Ejecución Presupuestal Según Obligaciones | C6: =+#REF! -> #REF!
B10: Concepto | C10: Avance Sept 15 | D10: Avance Dic 30 | E10: Crecimiento
B11: Plan de accion institucional | C11: 0.7436 | D11: 0.91264966 | E11: =+D11-C11 -> 0.16904966
B12: Ejecución de Proyectos | C12: 0.5421 | D12: 0.76447343 | E12: =+D12-C12 -> 0.22237343
B13: Ejecución Presupuestal por Compromisos | C13: 0.3612 | D13: 0.40113299 | E13: =+D13-C13 -> 0.039932989
B14: Ejecución Presupuestal por Obligaciones | C14: 0.3612 | D14: 0.40113299 | E14: =+D14-C14 -> 0.039932989
B15: Plan de Desarrollo al Cuatrienio | C15: 0.5636 | D15: 0.73210708 | E15: =+D15-C15 -> 0.16850708
B21: PROGRAMAS | C21: AVANCE ESTRATEGICO | E21: EJECUCION PRESUPUESTAL
C22: AÑO | D22: CUATRIENIO | E22: COMPROMISOS | F22: OBLIGACIONES
B23: ESCENARIOS CULTURALES VIVOS PARA TRANSFORMAR | C23: =+'1. ESTRATÉGICO'!AE18 -> 1.2381135 | D23: =+'1. ESTRATÉGICO'!AF18 -> 0.67695057 | E23: =+#REF! -> #REF! | F23: =+E23 -> #REF!
B24: DEMOCRATIZACION DE LA CULTURAESTIMULOS PARA EL FOMENTO Y DESARROLLO ARTISTICO,CULTURAL Y CREATIVO | C24: =+'1. ESTRATÉGICO'!AE23 -> 1.0466667 | D24: =+'1. ESTRATÉGICO'!AF23 -> 0.93 | E24: =+#REF! -> #REF! | F24: =+#REF! -> #REF!
B25: FORMACION ARTISTICA Y CULTURAL | C25: =+'1. ESTRATÉGICO'!AE26 -> 0.18694444 | D25: =+'1. ESTRATÉGICO'!AF26 -> 0.719375 | E25: =+#REF! -> #REF! | F25: =+#REF! -> #REF!
B26: DERECHOS CULTURALES Y FORTALECIMIENTO INSTITUCIONAL PARA LA GOBERNANZA | C26: =+'1. ESTRATÉGICO'!AE32 -> 0.41990827 | D26: =+'1. ESTRATÉGICO'!AF32 -> 0.6936 | E26: 0.72 | F26: 0.72
B27: CARTAGENA BRILLA CON SU CULTURA Y PATRIMONIO MATERIAL E INMATERIAL | C27: =+'1. ESTRATÉGICO'!AE38 -> 1.007 | D27: =+'1. ESTRATÉGICO'!AF38 -> 0.56341 | E27: =+#REF! -> #REF! | F27: =+#REF! -> #REF!
B28: DESARROLLO LOCAL SOSTENIBLE Y PROSPERIDAD COLECTIVA EN LOS TERRITORIOS DE LAS COMUNIDADES NEGRAS DEL DISTRITO DE CARTAGENA | C28: =+'1. ESTRATÉGICO'!AE40 -> 0.075 | D28: =+'1. ESTRATÉGICO'!AF40 -> 0.925 | E28: =+#REF! -> #REF! | F28: =+#REF! -> #REF!
B29: PUEBLOS Y COMUNIDADES ETNICAS | C29: =+'1. ESTRATÉGICO'!AE42 -> 0.275 | D29: =+'1. ESTRATÉGICO'!AF42 -> 1 | E29: =+#REF! -> #REF! | F29: =+#REF! -> #REF!
B34: AVANCES PROYECTOS IPCC DIC 2025 | C34: Avance Físico Dic | D34: Ejecución Presupuestal (compromisos) | E34: Ejecución Presupuestal (obligaciones)
B35: Fortalecimiento de la infraestructura cultural como "Escenarios Vivos" para la transformación social en Cartagena de Indias | C35: =+#REF! -> #REF! | D35: =+#REF! -> #REF! | E35: =+#REF! -> #REF!
B36: Aprovechamiento de la infraestructura cultural existente para la implementación de una agenda cultural articulada y permanente en el distrito | C36: =+#REF! -> #REF! | D36: =+#REF! -> #REF! | E36: =+#REF! -> #REF!
B37: Fortalecimiento de la estrategia de estímulos para el fomento y desarrollo artístico, cultural, creativo e impulso a la economía popular en torno al arte y patrimonio en el Distrito de Cartagena de Indias | C37: =+#REF! -> #REF! | D37: =+#REF! -> #REF! | E37: =+#REF! -> #REF!
B38: Diseño e implementación del Sistema Distrital de Formación Artística y Cultural en el Distrito de Cartagena de Indias | C38: =+#REF! -> #REF! | D38: =+#REF! -> #REF! | E38: =+#REF! -> #REF!
B39: Modernización Institucional para la Gobernanza cultural en Cartagena de Indias | C39: =+#REF! -> #REF! | D39: =+#REF! -> #REF! | E39: =+#REF! -> #REF!
B40: Protección, inclusión y garantía de los derechos culturales para la gobernanza de la cinematografía, medios audiovisuales e interactivos en el Distrito de Cartagena de Indias | C40: =+#REF! -> #REF! | D40: =+#REF! -> #REF! | E40: =+#REF! -> #REF!
B41: Protección , gestión y salvaguarda del patrimonio material e inmaterial del distrito turístico y cultural de Cartagena de Indias | C41: =+#REF! -> #REF! | D41: =+#REF! -> #REF! | E41: =+#REF! -> #REF!
B42: Conservación y recuperación de los Bienes de Interés Cultural de los territorios NARP en Cartagena de Indias. Cartagena de Indias | C42: =+#REF! -> #REF! | D42: =+#REF! -> #REF! | E42: =+#REF! -> #REF!
B43: Implementación de una estrategia para la protección, divulgación, preservación y salvaguarda de las prácticas, costumbres y saberes ancestrales de los pueblos originarios de los cabildos indígenas presentes en el Distrito de Cartagena de Indias | C43: =+#REF! -> #REF! | D43: =+#REF! -> #REF! | E43: =+#REF! -> #REF!
C49: APROPIACIÓN INICIAL (en pesos) | D49: APROPACIÓN DEFINITIVA POR PROYECTO (SEPTIEMBRE) | E49: PRESUPUESTO EJECUTADO SEPTIEMBRE COMPROMISOS | F49: PRESUPUESTO EJECUTADO SEPTIEMBRE OBLIGACIONES | G49: PORCENTAJE EJECUTADO SEPTIEMBRE SEGÚN OBLIGACIONES
C50: 12050912936 | D50: 2.5779719e+10 | E50: =+#REF! -> #REF! | F50: =+#REF! -> #REF! | G50: =+#REF! -> #REF!

Sheet CONTROL DE CAMBIOS 
A2: CONTROL DE CAMBIOS
A3: FECHA | B3: DESCRIPCIÓN DEL CAMBIO | G3: VERSIÓN
A4: 45489 | B4: Elaboración del documento | G4: 1.0
A9: VALIDACIÓN DEL DOCUMENTO
B10: CARGO | D10: NOMBRE | F10: FECHA | G10: FIRMA
A11: ELABORÓ | B11: Profesional Especializado codigo 222 grado 41 | D11: María Bernarda Pérez Carmona | F11: Julio 16-2024
A12: REVISÓ | B12: Secretario de Planeación Distrital | D12: Camilo Rey Sabogal | F12: Julio 16-2024
A13: APROBÓ | B13: Secretario de Planeación Distrital | D13: Camilo Rey Sabogal | F13: Julio 16-2024

Sheet ANEXO1
A1: Modalidad de selección | E1: Código | F1: Fuente de los recursos
A2: Solicitud de información a los Proveedores | E2: 0 | F2: Recursos propios
A3: Licitación pública | E3: 1 | F3: Presupuesto de entidad nacional
A4: Licitación pública (Obra pública) | E4: 2 | F4: Regalías
A5: Concurso de méritos con precalificación | E5: 3 | F5: Recursos de crédito
A6: Concurso de méritos abierto | E6: 4 | F6: SGP
A7: Contratación directa (con ofertas) | E7: 5 | F7: No Aplica
A8: Selección abreviada menor cuantía
A9: Selección Abreviada de Menor Cuantia sin Manifestacion de Interés
A10: Selección abreviada subasta inversa
A11: Mínima cuantía
A12: Contratación régimen especial - Selección de comisionista
A13: Contratación régimen especial - Enajenación de bienes para intermediarios idóneos
A14: Contratación régimen especial - Régimen especial
A15: Contratación régimen especial - Banco multilateral y organismos multilaterales
A16: Contratación régimen especial (con ofertas) - Selección de comisionista
A17: Contratación régimen especial (con ofertas) - Enajenación de bienes para intermediarios idóneos
A18: Contratación régimen especial (con ofertas) - Régimen especial
A19: Contratación régimen especial (con ofertas) - Banco multilateral y organismos multilaterales
... A21: Seléccion abreviada - acuerdo marco
